 Dungeon Crawl Stone Soup version 0.29.0-4-gdea44cf6ec (webtiles) character file.

Game seed: 7232719996758434145

537533 qw the Impregnable (level 25, -4/185 HPs)
             Began as a Tengu Warper on Aug 28, 2022.
             Was a High Priest of Okawaru.
             Slain by a green draconian
             ... wielding a +0 glaive
             ... led by a yellow draconian annihilator
              (5 damage)
             ... on level 4 of the Realm of Zot.
             The game lasted 00:11:19 (54895 turns).

qw the Impregnable (Tengu Warper)                  Turns: 54895, Time: 00:11:19

Health: -4/185     AC: 43    Str: 29    XL:     25   Next: 86%
Magic:  10/40      EV: 29    Int: 15    God:    Okawaru [*****.]
Gold:   1536       SH: 29    Dex: 25    Spells: 28/28 levels left

rFire   + + +      SeeInvis +   o - +7 broad axe of Dried Tears {elec, Int+2}
rCold   + . .      Faith    .   C - +2 tower shield {AC+3}
rNeg    . . .      Spirit   .   n - +8 gold dragon scales
rPois   +          Reflect  .   f - +1 hat of Cocytus {rElec Str+7}
rElec   +          Harm     .   A - +2 cloak {Will+}
rCorr   .          Rampage  .   x - +2 pair of gloves {Stlth+}
Will    ++...                   (boots unavailable)
Stlth   ..........              F - amulet "Loigy" {Acrobat *Corrode +Inv rF+++ MP+9}
HPRegen 0.40/turn               d - ring of Kaaxoeckul {Str+5 Slay+4}
MPRegen 0.27/turn               l - ring "Gimuh" {Dex+4 SInv}

@: about to teleport, heroic, corroded, flying quickly and evasively, quick
A: beak, talons 3, nimble flight, agile 1, robust 1, electricity resistance,
weak 1
}: 3/15 runes: serpentine, barnacled, silver
a: Renounce Religion, Evoke Invisibility, Heroism, Finesse, Duel


You were on level 4 of the Realm of Zot.
You worshipped Okawaru.
Okawaru was extremely pleased with you.
You visited 9 branches of the dungeon, and saw 44 of its levels.

You collected 7582 gold pieces.
You spent 6046 gold pieces at shops.


Innate Abilities, Weirdness & Mutations

You have a beak for a mouth.
You have claws for feet.
Your magical nature lets you fly swiftly and evasively.
You are agile. (Dex +4, Str/Int -1)
You are robust. (+10% HP)
You are resistant to electric shocks. (rElec)
You are weak. (Str -2)


   Skills:
 + Level 20.7(25.7) Fighting
 - Level 18.0(23.0) Axes
 - Level 14.0(19.0) Throwing
 - Level 22.0(27) Armour
 - Level 20.0(25.0) Dodging
 - Level 21.0(26.0) Shields
 - Level 2.0 Spellcasting
 - Level 2.4 Translocations
 - Level 10.0 Invocations


You had 28 spell levels left.
You didn't know any spells.
Your spell library contained the following spells:

 Spells                   Type           Power      Damage    Failure   Level
 Blink                    Tloc           16%        N/A       61%         2
 Gell's Gravitas          Tloc           8%         N/A       83%         3
 Lesser Beckoning         Tloc           8%         N/A       83%         3
 Teleport Other           Tloc           8%         N/A       83%         3
 Manifold Assault         Tloc           8%         N/A       100%        5

Inventory:

Hand Weapons
 o - the +7 broad axe of Dried Tears (weapon) {elec, Int+2}
   (Okawaru gifted it to you on level 1 of the Lair of Beasts)

   It occasionally discharges a powerful burst of electricity upon striking a
   foe.
   Int:       It affects your intelligence (+2).
Missiles
 p - 19 javelins (quivered)
 q - 5 silver boomerangs
Armour
 e - the +1 pair of gloves "Fudghem" {Harm Regen+ Int+2}
   (Okawaru gifted it to you on level 5 of the Lair of Beasts)

   Int:       It affects your intelligence (+2).
   Regen:     It increases your rate of health regeneration.
   Harm:      It increases damage dealt and taken.
 f - the +1 hat of Cocytus (worn) {rElec Str+7}
   (Okawaru gifted it to you on level 2 of the Snake Pit)

   Str:       It affects your strength (+7).
   rElec:     It insulates you from electricity.
 n - +8 gold dragon scales (worn)
 x - a +2 pair of gloves of stealth (worn)
 A - a +2 cloak of willpower (worn)
 C - a +2 tower shield of protection (worn)
Jewellery
 d - the ring of Kaaxoeckul (left hand) {Str+5 Slay+4}
   (You bought it in a shop on level 2 of the Orcish Mines)

   [ring of slaying]

   Str:       It affects your strength (+5).
   Slay:      It affects your accuracy & damage with ranged weapons and melee
   (+4).
 i - an amulet of regeneration
 j - the ring of Jizyfaosur {rPois rC- Will+ rCorr Int+5 Dex+6}
   (You took it off a tengu conjurer on level 2 of the Depths)

   [ring of dexterity]

   Int:       It affects your intelligence (+5).
   Dex:       It affects your dexterity (+6).
   rC:        It makes you vulnerable to cold.
   rPois:     It protects you from poison.
   rCorr:     It protects you from acid and corrosion.
   Will:      It increases your willpower.
 l - the ring "Gimuh" (right hand) {Dex+4 SInv}
   (You bought it in a shop on level 4 of the Snake Pit)

   [ring of see invisible]

   Dex:       It affects your dexterity (+4).
   SInv:      It lets you see invisible.
 v - a ring of protection from fire
 F - the amulet "Loigy" (around neck) {Acrobat *Corrode +Inv rF+++ MP+9}
   (You found it on level 4 of the Shoals)

   [amulet of the acrobat]

   It increases your evasion while moving and waiting.
   rF:        It renders you almost immune to fire.
   MP:        It affects your magic capacity (+9).
   +Inv:      It lets you turn invisible.
   *Corrode:  It may corrode you when you take damage.
 Y - a +4 ring of protection
Scrolls
 b - a scroll of teleportation
 h - 36 scrolls of identify
 t - 6 scrolls of enchant weapon
 y - 3 scrolls of brand weapon
Potions
 c - 30 potions of curing
 g - 5 potions of haste
 k - 5 potions of resistance
 m - 9 potions of mutation
 w - 8 potions of might
 z - 3 potions of magic

Dungeon Overview and Level Annotations

Branches:
Dungeon (15/15)            Temple (1/1) D:4            Lair (5/5) D:9
 Shoals (4/4) Lair:3        Snake (4/4) Lair:3        Slime (0/5) Lair:4
    Orc (2/2) D:10            Elf (0/3) Orc:2        Vaults (5/5) D:14
  Crypt (0/3) Vaults:2     Depths (4/4) D:15            Zot (4/5) Depths:4

Altars:
Ashenzari
Cheibriados
Dithmenos
Elyvilon
Fedhas
Gozag
Hepliaklqana
Kikubaaqudgha
Makhleb
Nemelex Xobeh
Okawaru
Qazlal
Ru
Sif Muna
Trog
Uskayaw
Vehumet
Wu Jian
Xom
Yredelemnul
Zin
The Shining One

Shops:
D:3 (   D:11 =   D:12 =   Orc:2 (=[![   Shoals:4 :?   Snake:1 *::=   Snake:2 ?
Snake:4 :[=!   Depths:1 :   Depths:2 ?   Depths:4 !

Portals:
Hell: Lair:5 Depths:1 Depths:2 Depths:3 Depths:4
Abyss: Depths:3
Pandemonium: Depths:2
Ziggurat: Depths:4

Annotations:
D:8 2 transporters, 2 runed translucent doors, qw's ghost, novice TeWr
D:14 3 runed translucent doors, qw's ghost, journeyman TeWr
Shoals:2 2 transporters, thechecker02's ghost, adept GnFi
Snake:2 3 runed translucent doors, Seits's ghost, adept MiFi
Depths:3 2 runed translucent doors


Message History

The glob of acid hits you but does no damage.
You block the white draconian stormcaller's attack.
The red draconian is engulfed in noxious fumes.
You block the red draconian's attack.
You carve the red draconian like a ham!!!
Lightning courses through the red draconian!!
You kill the red draconian!
Okawaru accepts your kill.
You slash the green draconian monk!
You slice the white draconian stormcaller!!
You carve the death drake like a ham!!!
Lightning courses through the death drake!
The green draconian closely misses you. The death drake completely misses you.
The green draconian monk closely misses you.
You block the green draconian monk's attack.
The green draconian monk completely misses you.
You block the green draconian monk's attack.
The white draconian stormcaller completely misses you.
You hit the white draconian stormcaller.
The white draconian stormcaller is almost dead.
You slash the death drake! You slash the swamp drake!
Lightning courses through the swamp drake!
You completely miss the green draconian monk.
The green draconian misses you.
The storm dragon is engulfed in noxious fumes.
You block the death drake's attack. The swamp drake misses you.
You slash the white draconian stormcaller!
Lightning courses through the white draconian stormcaller!
You kill the white draconian stormcaller!
Okawaru accepts your kill.
The death drake disappears in a puff of smoke!
The swamp drake disappears in a puff of smoke!
You closely miss the green draconian monk.
You block the green draconian's attack.
You block the green draconian monk's attack. x3
The green draconian monk tail-slaps you.
The yellow draconian annihilator spits acid at you.
The glob of acid hits you! The acid corrodes you!
The green draconian hits you from afar with a +0 glaive.
You die...

........####
......).##..
........##.#
........##.#
........##.#
.....D0q##.#
.....00¤##.#
......0@##.###.#
.....0¤0q0.....#
......d0##.#####
##########.# #.#
#######.###
..........##
####.#####.#####
#.#...#.#...##


You could see a green draconian monk, a storm dragon (berserk, confused), a
green draconian (berserk) and a yellow draconian annihilator (catching breath).

Vanquished Creatures
  2 dread liches
  2 orbs of fire
  2 juggernauts (Depths:4)
  Sojobo (Vaults:5)
  Boris (thrice) (Vaults:2 Depths:1 Vaults:5)
  2 Killer Klowns
  Vashnia (Snake:3)
  A curse toe (Zot:1)
  10 golden dragons
  Nikola (Depths:2)
  3 bone dragons
  3 electric golems
  Jorgrun (Orc:2)
  Rupert (Snake:1)
  A lich (Depths:2)
  17 tentacled monstrosities
  3 titans
  4 acid blobs (Zot:2)
  7 quicksilver dragons
  Frances (D:12)
  2 sphinxes
  2 krakens (Shoals:2)
  9 tengu reavers
  10 storm dragons
  11 death cobs
  5 draconian monks
  Ilsuiw (Shoals:4)
  Donald (Shoals:1)
  2 revenants (Vaults:2)
  9 shadow dragons
  8 frost giants
  10 draconian scorchers
  8 nagarajas
  10 draconian knights
  2 deep elf sorcerers
  A balrug (Depths:2)
  Louise (Shoals:1)
  6 fire giants
  Aizul (Snake:1)
  11 vault wardens
  5 orc warlords
  5 ghost moths
  20 ironbound preservers
  6 draconian stormcallers
  2 spriggan defenders
  20 stone giants
  8 draconian shifters
  16 very ugly things
  9 draconian annihilators
  9 ironbound thunderhulks
  3 vampire knights
  16 green draconians
  9 black draconians
  2 deep elf demonologists
  2 entropy weavers
  5 dire elephants
  11 white draconians
  A deep elf annihilator (Vaults:5)
  18 red draconians
  26 yellow draconians
  Snorg (Orc:1)
  9 purple draconians
  15 ettins
  4 deep elf high priests
  A blizzard demon (Depths:3)
  7 merfolk javelineers
  13 fire dragons
  11 merfolk impalers
  Josephine (D:14)
  7 ice dragons
  9 yaktaur captains
  5 great orbs of eyes
  A great orb of eyes (shapeshifter) (Vaults:4)
  4 boulder beetles
  3 merfolk avatars (Shoals:4)
  13 hydras
  24 vault guards
  5 ogre magi
  4 rakshasas
  5 merfolk aquamancers
  5 spriggan air magi
  7 two-headed ogres
  10 ironbound frosthearts
  Erica (Orc:1)
  14 naga warriors
  13 anacondas
  15 centaur warriors
  2 vampire magi
  A deep troll shaman (Depths:1)
  A two-headed ogre (shapeshifter) (Vaults:4)
  6 deep troll earth magi
  A death knight (D:15)
  An alligator snapping turtle (Shoals:4)
  4 tengu warriors
  14 naga sharpshooters
  7 orc high priests (Orc:2)
  A titan zombie (D:15)
  A death yak (Lair:1)
  12 shock serpents
  11 spriggan berserkers
  3 sun demons
  A hell knight (Vaults:5)
  A deep elf knight (Snake:4)
  3 skeletal warriors (D:15)
  5 spriggans
  Nergalle (D:10)
  4 iron trolls
  6 sea snakes
  3 salamander mystics (Snake:4)
  A fire crab (Lair:4)
  3 flayed ghosts
  A sea snake (shapeshifter) (Depths:4)
  A deep troll (shapeshifter) (Depths:4)
  A death drake (shapeshifter) (Depths:4)
  A glowing orange brain (Depths:2)
  An orange crystal statue (Depths:1)
  58 deep trolls
  7 phantasmal warriors
  12 naga ritualists
  3 necromancers
  19 orc knights
  Pikel (D:8)
  5 lindwurms
  A deep elf archer (Snake:4)
  A harpy (shapeshifter) (D:14)
  4 wizards
  31 harpies
  A deep elf pyromancer (D:15)
  3 stone giant zombies
  12 ironbound convokers
  6 oklob plants (Zot:2)
  27 moths of wrath
  17 ugly things
  19 mana vipers
  10 cyclopes
  8 fauns
  19 manticores
  7 elephants
  A frost giant skeleton (Vaults:3)
  A fire giant skeleton (D:15)
  An elf zombie (Vaults:3)
  5 merfolk sirens
  3 guardian serpents
  A stone giant skeleton (Vaults:3)
  19 naga magi
  10 salamanders
  33 black mambas
  A gargoyle (D:14)
  2 torpor snails (Lair:4)
  21 vault sentinels
  2 orange demons (Lair:5)
  Maggie (D:7)
  7 water nymphs
  2 unseen horrors
  2 kobold demonologists
  16 cane toads
  6 rime drakes
  13 komodo dragons
  28 yaktaurs
  2 hellions (Zot:1)
  2 freezing wraiths
  A hellwing (Lair:5)
  5 tengu conjurers
  2 ice devils (Lair:5)
  23 merfolk
  A yaktaur skeleton (Vaults:3)
  3 meliai (D:15)
  8 trolls
  A red devil (Lair:5)
  8 wind drakes
  2 polar bears
  8 hornets
  13 slime creatures
  10 blink frogs
  Grinder (D:3)
  A spriggan zombie (D:15)
  7 snapping turtles
  28 dream sheep
  Sigmund (D:4)
  4 shadows
  10 water elementals
  9 wyverns
  5 wraiths
  62 yaks
  5 basilisks
  7 vampire mosquitoes
  3 redbacks
  2 human simulacra
  A two-headed ogre zombie (D:10)
  A glowing shapeshifter zombie (Vaults:3)
  10 wargs
  40 nagas
  25 water moccasins
  6 hell hounds
  A floating eye (D:10)
  21 orc warriors
  An ice beast (D:5)
  8 black bears
  A sky beast (D:7)
  10 ogres
  5 boggarts (Vaults:1)
  7 centaurs
  11 wolves
  A lemure (D:8)
  A phantom (D:10)
  2 kobold brigands
  A human zombie (Vaults:3)
  11 bullfrogs
  A scorpion (D:5)
  A glowing shapeshifter simulacrum (Vaults:2)
  16 wights
  8 killer bees
  2 troll zombies (D:10)
  4 electric eels
  5 howler monkeys
  A gnoll bouda (D:9)
  29 jellies
  44 orc priests
  5 hounds
  5 iguanas
  16 orc wizards
  A hell rat (Lair:5)
  5 ogre zombies (D:10)
  4 gnolls (D:9)
  10 adders
  5 white imps
  2 ufetubi
  3 worms
  A dart slug (D:3)
  93 orcs
  5 ball pythons
  8 bats
  4 endoplasms
  6 giant cockroaches
  10 goblins
  4 hobgoblins
  3 jackals (D:1)
  19 kobolds
  3 quokkas
  4 frilled lizards
  A goblin skeleton (D:10)
  2 goblin zombies (D:10)
  A hobgoblin zombie (D:10)
  3 orc skeletons (D:10)
  18 orc zombies (D:10)
  2 rats (D:1)
  5 tentacles (Shoals:2)
1877 creatures vanquished.

Vanquished Creatures (others)
  Asterion (Snake:1)
  A shadow dragon (Zot:1)
  A draconian knight (Zot:2)
  A fire giant (Vaults:5)
  A green draconian (Zot:1)
  A white draconian (Zot:2)
  A moth of wrath (Zot:1)
  A merfolk (Shoals:4)
  A naga (Snake:4)
  3 jellies (Zot:2)
  16 fungi
  151 plants
  10 tentacles (Shoals:2)
  6 withered plants (D:15)
195 creatures vanquished.

Grand Total: 2072 creatures vanquished

Notes
Turn   | Place    | Note
-------+----------+-------------------------------------------
     0 | D:1      | qw the Tengu Warper began the quest for the Orb.
     0 | D:1      | Reached XP level 1. HP: 12/12 MP: 4/4
     0 | D:1      | 0 ||| qw: Version: 0.1-a-89-g26bdef1
     0 | D:1      | 0 ||| qw: Game counter: 1354
     0 | D:1      | 0 ||| qw: Always use a shield: true
     0 | D:1      | 0 ||| qw: God list: Okawaru
     0 | D:1      | 0 ||| qw: Allow faded altars: false
     0 | D:1      | 0 ||| qw: Do Orc after D:15 true
     0 | D:1      | 0 ||| qw: Do second Lair branch before Depths: true
     0 | D:1      | 0 ||| qw: Lair rune preference: random
     0 | D:1      | 0 ||| qw: Plans: Normal
     0 | D:1      | 0 ||| PLANNING D:1-11
   255 | D:1      | Reached XP level 2. HP: 17/17 MP: 6/6
   331 | D:1      | Reached skill level 3 in Axes
   628 | D:1      | 628 ||| Stepping ~*~*~tactically~*~*~ (stealth).
   631 | D:1      | 631 ||| Stepping ~*~*~tactically~*~*~ (stealth).
   713 | D:1      | 713 ||| Stepping ~*~*~tactically~*~*~ (stealth).
   880 | D:1      | 880 ||| SWAPPING to +0 vorpal war axe.
   881 | D:1      | 881 ||| DROPPING +0 hand axe.
   994 | D:1      | Reached XP level 3. HP: 18/21 MP: 7/7
  1012 | D:1      | 1012 ||| Stepping ~*~*~tactically~*~*~ (stealth).
  1069 | D:1      | Found a faded altar of an unknown god.
  1240 | D:1      | 1240 ||| UPGRADING to amulet of regeneration.
  1245 | D:1      | 1245 ||| READING scroll labelled JOESHA WAGHIMIE.
  1246 | D:1      | 1246 ||| READING 3 scrolls labelled OSHE HISOCO.
  1247 | D:1      | 1247 ||| READING scroll labelled CEXYUS YREFETI.
  1250 | D:1      | 1250 ||| DRINKING 5 inky potions.
  1251 | D:1      | 1251 ||| READING 2 scrolls of identify.
  1251 | D:1      | 1251 ||| IDENTIFYING yellow potion
  1252 | D:1      | 1252 ||| DROPPING scroll of blinking.
  1253 | D:1      | 1253 ||| DROPPING potion of invisibility.
  1254 | D:1      | 1254 ||| DROPPING 4 potions of flight.
  1270 | D:2      | 1270 ||| STAIRDANCE
  1283 | D:2      | 1283 ||| Stepping ~*~*~tactically~*~*~ (stealth).
  1321 | D:2      | 1321 ||| Stepping ~*~*~tactically~*~*~ (stealth).
  1322 | D:2      | 1322 ||| Stepping ~*~*~tactically~*~*~ (stealth).
  1335 | D:2      | 1335 ||| Stepping ~*~*~tactically~*~*~ (stealth).
  1434 | D:2      | 1434 ||| Stepping ~*~*~tactically~*~*~ (stealth).
  1539 | D:2      | Reached XP level 4. HP: 26/26 MP: 8/8
  1667 | D:2      | Found an opulent altar of Gozag.
  1744 | D:2      | 1744 ||| UPGRADING to ring of resist corrosion.
  1745 | D:2      | 1745 ||| READING scroll labelled BICI TAXTORAI.
  1759 | D:2      | 1759 ||| READING scroll labelled CEDUSUINES.
  1760 | D:2      | 1760 ||| READING scroll labelled YNOT HEDGHOYPI.
  1761 | D:2      | 1761 ||| DRINKING 2 clear potions.
  1762 | D:2      | 1762 ||| Stepping randomly (stuck).
  1763 | D:2      | 1763 ||| Stepping randomly (stuck).
  1764 | D:2      | 1764 ||| Stepping randomly (stuck).
  1765 | D:2      | 1765 ||| Stepping ~*~*~tactically~*~*~ (cloud).
  1838 | D:3      | 1838 ||| Stepping ~*~*~tactically~*~*~ (stealth).
  1854 | D:3      | Found Dixaaleo's Antique Weapon Shoppe.
  1857 | D:3      | Identified the +2 helmet of the Stone Wall {Harm rPois
                  | Will+ MP+9}
  1862 | D:3      | 1862 ||| BUYING flail (94 gold).
  1862 | D:3      | Bought a flail for 94 gold pieces
  1862 | D:3      | 1862 ||| DROPPING +0 mace of protection.
  1936 | D:3      | 1936 ||| Stepping ~*~*~tactically~*~*~ (hiding).
  1950 | D:3      | 1950 ||| FLEEEEING.
  1951 | D:3      | 1951 ||| FLEEEEING.
  1952 | D:3      | 1952 ||| FLEEEEING.
  1953 | D:3      | 1953 ||| FLEEEEING.
  1954 | D:3      | 1954 ||| FLEEEEING.
  1955 | D:3      | 1955 ||| FLEEEEING.
  1956 | D:3      | 1956 ||| FLEEEEING.
  1978 | D:3      | 1978 ||| Stepping ~*~*~tactically~*~*~ (stealth).
  1987 | D:3      | 1987 ||| DROPPING +0 flail.
  1996 | D:3      | Identified the +1 ring mail "Pousas" {rF- Int+8 Dex-5 SInv}
  2024 | D:3      | Gained mutation: Your magical nature lets you fly swiftly
                  | and evasively. [Tengu growth]
  2024 | D:3      | Reached XP level 5. HP: 30/30 MP: 9/9
  2027 | D:3      | Noticed Grinder
  2035 | D:3      | HP: 5/30 [Grinder/nerve-wracking pain (12)]
  2036 | D:3      | 2036 ||| READING scroll of teleportation.
  2037 | D:3      | 2037 ||| DRINKING potion of heal wounds.
  2064 | D:3      | Noticed a black bear
  2073 | D:3      | Killed a black bear
  2074 | D:3      | Reached skill level 6 in Axes
  2097 | D:3      | 2097 ||| Stepping ~*~*~tactically~*~*~ (stealth).
  2099 | D:3      | 2099 ||| Stepping ~*~*~tactically~*~*~ (stealth).
  2146 | D:3      | 2146 ||| Stepping ~*~*~tactically~*~*~ (hiding).
  2151 | D:3      | 2151 ||| Stepping ~*~*~tactically~*~*~ (hiding).
  2153 | D:3      | 2153 ||| Stepping ~*~*~tactically~*~*~ (hiding).
  2161 | D:3      | Killed Grinder
  2162 | D:3      | Reached XP level 6. HP: 26/35 MP: 10/10
  2375 | D:3      | 2375 ||| UPGRADING to +0 ring mail.
  2385 | D:3      | 2385 ||| DROPPING +0 leather armour.
  2386 | D:3      | 2386 ||| DROPPING +1 ring mail "Pousas" {rF- Int+8 Dex-5
                  | SInv}.
  2387 | D:3      | 2387 ||| UPGRADING to +0 chain mail.
  2397 | D:3      | 2397 ||| DROPPING +0 ring mail.
  2398 | D:3      | 2398 ||| UPGRADING to ring of protection from fire.
  2399 | D:3      | 2399 ||| READING scroll labelled ECSUSS VUNOROF.
  2400 | D:3      | 2400 ||| READING scroll labelled CUACWUQUNY.
  2401 | D:3      | 2401 ||| DRINKING 2 fuming blue potions.
  2402 | D:3      | 2402 ||| READING 2 scrolls of identify.
  2402 | D:3      | 2402 ||| IDENTIFYING red potion
  2403 | D:3      | 2403 ||| DROPPING potion of degeneration.
  2453 | D:4      | Found a staircase to the Ecumenical Temple.
  2454 | D:4      | 2454 ||| PLANNING TEMPLE
  2467 | Temple   | Entered the Ecumenical Temple
  2526 | Temple   | Became a worshipper of Warmaster Okawaru
  2683 | Temple   | 2683 ||| PLANNING D:1-11
  2897 | D:4      | Noticed Sigmund
  2898 | D:4      | 2898 ||| Stepping ~*~*~tactically~*~*~ (hiding).
  2904 | D:4      | 2904 ||| DRINKING potion of curing.
  2904 | D:4      | 2904 ||| (to cure confusion)
  2944 | D:4      | Killed Sigmund
  2945 | D:4      | Reached skill level 3 in Armour
  2945 | D:4      | Reached XP level 7. HP: 17/40 MP: 11/11
  3004 | D:4      | 3004 ||| Stepping ~*~*~tactically~*~*~ (stealth).
  3006 | D:4      | 3006 ||| Stepping ~*~*~tactically~*~*~ (stealth).
  3021 | D:4      | 3021 ||| Stepping ~*~*~tactically~*~*~ (stealth).
  3674 | D:4      | 3674 ||| READING 2 scrolls of identify.
  3674 | D:4      | 3674 ||| IDENTIFYING fizzy golden potion
  3675 | D:4      | 3675 ||| DROPPING potion of attraction.
  3695 | D:5      | Entered Level 5 of the Dungeon
  3812 | D:5      | Reached skill level 3 in Fighting
  3961 | D:5      | Identified the +1 robe of the Albatross {+Inv rElec rC+
                  | Str+4 Int+2}
  3977 | D:5      | Reached XP level 8. HP: 46/46 MP: 12/12
  4144 | D:5      | 4144 ||| Stepping ~*~*~tactically~*~*~ (stealth).
  4170 | D:5      | Reached * piety under Okawaru
  4171 | D:5      | Reached skill level 9 in Axes
  4524 | D:5      | Reached skill level 1 in Invocations
  4544 | D:5      | 4544 ||| UPGRADING to +0 kite shield.
  4549 | D:5      | 4549 ||| UPGRADING to ring of protection from fire.
  4551 | D:5      | 4551 ||| READING scroll labelled ISYNAM JIOV.
  4552 | D:5      | 4552 ||| READING scroll labelled VIN KEMOMAHUM.
  4553 | D:5      | 4553 ||| READING scroll labelled TUSECO GOMMOLO.
  4554 | D:5      | 4554 ||| DRINKING 2 bubbling brown potions.
  4577 | D:5      | 4577 ||| READING 2 scrolls of identify.
  4577 | D:5      | 4577 ||| IDENTIFYING purple potion
  4578 | D:5      | 4578 ||| DROPPING potion of lignification.
  4745 | D:6      | Reached skill level 1 in Shields
  4779 | D:6      | 4779 ||| INVOKING Heroism.
  4782 | D:6      | 4782 ||| Stepping ~*~*~tactically~*~*~ (stealth).
  4785 | D:6      | 4785 ||| Stepping ~*~*~tactically~*~*~ (stealth).
  4786 | D:6      | 4786 ||| Stepping ~*~*~tactically~*~*~ (stealth).
  4788 | D:6      | 4788 ||| Stepping ~*~*~tactically~*~*~ (stealth).
  4797 | D:6      | 4797 ||| INVOKING Heroism.
  4806 | D:6      | Reached skill level 3 in Invocations
  4828 | D:6      | 4828 ||| READING scroll of brand weapon.
  4828 | D:6      | 4828 ||| BRANDING +1 war axe of protection.
  4837 | D:6      | 4837 ||| READING scroll of brand weapon.
  4837 | D:6      | 4837 ||| BRANDING +1 war axe of electrocution.
  4923 | D:6      | 4923 ||| Stepping ~*~*~tactically~*~*~ (stealth).
  4933 | D:6      | Reached skill level 3 in Shields
  5153 | D:6      | 5153 ||| READING scroll labelled ZYSE EPRIEH.
  5248 | D:7      | 5248 ||| INVOKING Heroism.
  5252 | D:7      | Reached XP level 9. HP: 52/52 MP: 10/13
  5350 | D:7      | Noticed Maggie
  5351 | D:7      | 5351 ||| Stepping ~*~*~tactically~*~*~ (stealth).
  5352 | D:7      | 5352 ||| Stepping ~*~*~tactically~*~*~ (stealth).
  5358 | D:7      | Killed Maggie
  5358 | D:7      | Reached ** piety under Okawaru
  5396 | D:7      | 5396 ||| INVOKING Heroism.
  5406 | D:7      | 5406 ||| Stepping ~*~*~tactically~*~*~ (stealth).
  5473 | D:7      | 5473 ||| INVOKING Heroism.
  5483 | D:7      | Reached skill level 6 in Shields
  5547 | D:7      | 5547 ||| FLEEEEING.
  5550 | D:7      | 5550 ||| FLEEEEING.
  5553 | D:7      | 5553 ||| FLEEEEING.
  5554 | D:7      | 5554 ||| FLEEEEING.
  5555 | D:7      | 5555 ||| FLEEEEING.
  5556 | D:7      | 5556 ||| FLEEEEING.
  5557 | D:7      | 5557 ||| FLEEEEING.
  5558 | D:7      | 5558 ||| FLEEEEING.
  5559 | D:7      | 5559 ||| FLEEEEING.
  5560 | D:7      | 5560 ||| FLEEEEING.
  5561 | D:7      | 5561 ||| FLEEEEING.
  5562 | D:7      | 5562 ||| FLEEEEING.
  5666 | D:7      | 5666 ||| FLEEEEING.
  5667 | D:7      | 5667 ||| FLEEEEING.
  5668 | D:7      | 5668 ||| Stepping ~*~*~tactically~*~*~ (stealth).
  5742 | D:7      | 5742 ||| INVOKING Heroism.
  5817 | D:7      | 5817 ||| DROPPING +0 hat of intelligence.
  5875 | D:8      | 5875 ||| Stepping ~*~*~tactically~*~*~ (hiding).
  5877 | D:8      | 5877 ||| Stepping ~*~*~tactically~*~*~ (hiding).
  6005 | D:8      | Noticed Pikel
  6006 | D:8      | 6006 ||| INVOKING Heroism.
  6013 | D:8      | Killed Pikel
  6048 | D:8      | 6048 ||| Stepping ~*~*~tactically~*~*~ (stealth).
  6050 | D:8      | 6050 ||| INVOKING Heroism.
  6051 | D:8      | 6051 ||| Stepping ~*~*~tactically~*~*~ (stealth).
  6055 | D:8      | 6055 ||| Stepping ~*~*~tactically~*~*~ (stealth).
  6061 | D:8      | 6061 ||| Stepping ~*~*~tactically~*~*~ (stealth).
  6063 | D:8      | 6063 ||| Stepping ~*~*~tactically~*~*~ (stealth).
  6066 | D:8      | Reached skill level 3 in Dodging
  6076 | D:8      | 6076 ||| Stepping ~*~*~tactically~*~*~ (stealth).
  6077 | D:8      | 6077 ||| Stepping ~*~*~tactically~*~*~ (stealth).
  6078 | D:8      | 6078 ||| Stepping ~*~*~tactically~*~*~ (stealth).
  6079 | D:8      | 6079 ||| Stepping ~*~*~tactically~*~*~ (stealth).
  6081 | D:8      | 6081 ||| Stepping ~*~*~tactically~*~*~ (stealth).
  6082 | D:8      | 6082 ||| INVOKING Heroism.
  6116 | D:8      | Noticed qw's ghost (novice TeWr)
  6117 | D:8      | Noticed a moth of wrath
  6183 | D:8      | Found a bloodstained altar of Trog.
  6191 | D:8      | Found a transporter.
  6199 | D:8      | Found a transporter.
  6265 | D:8      | Found a runed translucent door.
  6359 | D:8      | 6359 ||| INVOKING Heroism.
  6385 | D:8      | Found a flagged portal.
  6386 | D:8      | 6386 ||| INVOKING Heroism.
  6435 | D:8      | 6435 ||| INVOKING Heroism.
  6478 | D:8      | Found a runed translucent door.
  6501 | D:8      | 6501 ||| Stepping ~*~*~tactically~*~*~ (hiding).
  6503 | D:8      | 6503 ||| INVOKING Heroism.
  6506 | D:8      | Reached XP level 10. HP: 58/58 MP: 11/14
  6555 | D:8      | 6555 ||| Stepping ~*~*~tactically~*~*~ (hiding).
  6559 | D:8      | 6559 ||| INVOKING Heroism.
  6632 | D:8      | 6632 ||| INVOKING Heroism.
  6908 | D:8      | 6908 ||| INVOKING Heroism.
  6911 | D:8      | Noticed a two-headed ogre
  6920 | D:8      | Reached *** piety under Okawaru
  6920 | D:8      | HP: 14/59 [poisoned by a water moccasin]
  6921 | D:8      | 6921 ||| READING 4 scrolls of teleportation.
  6922 | D:8      | 6922 ||| DRINKING 2 potions of heal wounds.
  6980 | D:8      | 6980 ||| Stepping ~*~*~tactically~*~*~ (stealth).
  6981 | D:8      | 6981 ||| INVOKING Heroism.
  6986 | D:8      | Killed a two-headed ogre
  6987 | D:8      | Reached skill level 5 in Armour
  7089 | D:8      | 7089 ||| UPGRADING to +0 plate armour.
  7099 | D:8      | 7099 ||| DROPPING +0 chain mail.
  7100 | D:8      | 7100 ||| DROPPING amulet of magic regeneration.
  7101 | D:8      | 7101 ||| DRINKING 3 sedimented grey potions.
  7101 | D:8      | Gained mutation: You are agile. (Dex +4, Str/Int -1)
                  | [potion of mutation]
  7101 | D:8      | Gained mutation: Your natural rate of healing is unusually
                  | fast. [potion of mutation]
  7101 | D:8      | Gained mutation: You have hidden genetic potential. [potion
                  | of mutation]
  7102 | D:8      | 7102 ||| READING 3 scrolls of identify.
  7102 | D:8      | 7102 ||| IDENTIFYING cyan potion
  7172 | D:9      | 7172 ||| Stepping ~*~*~tactically~*~*~ (hiding).
  7177 | D:9      | 7177 ||| INVOKING Heroism.
  7251 | D:9      | 7251 ||| INVOKING Heroism.
  7258 | D:9      | Reached **** piety under Okawaru
  7261 | D:9      | Reached skill level 12 in Axes
  7298 | D:9      | Reached skill level 6 in Fighting
  7298 | D:9      | Reached XP level 11. HP: 60/64 MP: 15/15
  7304 | D:9      | Found a staircase to the Lair.
  7305 | D:9      | 7305 ||| INVOKING Heroism.
  7316 | D:9      | Reached skill level 6 in Armour
  7380 | D:9      | 7380 ||| FLEEEEING.
  7381 | D:9      | 7381 ||| FLEEEEING.
  7382 | D:9      | 7382 ||| FLEEEEING.
  7426 | D:9      | 7426 ||| Stepping ~*~*~tactically~*~*~ (hiding).
  7551 | D:9      | Noticed a two-headed ogre
  7552 | D:9      | 7552 ||| INVOKING Heroism.
  7560 | D:9      | Killed a two-headed ogre
  7560 | D:9      | Reached ***** piety under Okawaru
  7585 | D:9      | 7585 ||| Stepping ~*~*~tactically~*~*~ (stealth).
  7588 | D:9      | 7588 ||| Stepping ~*~*~tactically~*~*~ (hiding).
  7594 | D:9      | 7594 ||| INVOKING Heroism.
  7596 | D:9      | Reached skill level 6 in Invocations
  7708 | D:9      | 7708 ||| INVOKING Heroism.
  7735 | D:9      | 7735 ||| READING scroll of enchant weapon.
  7735 | D:9      | 7735 ||| ENCHANTING +1 spectral war axe.
  7783 | D:9      | Gained mutation: You have sharp fingernails. [hidden
                  | potential]
  7796 | D:9      | 7796 ||| Stepping ~*~*~tactically~*~*~ (stealth).
  7802 | D:9      | 7802 ||| Stepping ~*~*~tactically~*~*~ (hiding).
  7810 | D:9      | 7810 ||| INVOKING Heroism.
  7813 | D:9      | 7813 ||| Stepping ~*~*~tactically~*~*~ (stealth).
  7815 | D:9      | 7815 ||| Stepping ~*~*~tactically~*~*~ (stealth).
  7816 | D:9      | 7816 ||| Stepping ~*~*~tactically~*~*~ (stealth).
  7817 | D:9      | 7817 ||| Stepping ~*~*~tactically~*~*~ (stealth).
  7822 | D:9      | 7822 ||| Stepping ~*~*~tactically~*~*~ (hiding).
  7838 | D:9      | Found a white marble altar of Elyvilon.
  8056 | D:9      | 8056 ||| PLANNING LAIR
  8056 | D:9      | 8056 ||| READING scroll labelled EWNOECW REMOZYLI.
  8173 | Lair:1   | Entered Level 1 of the Lair of Beasts
  8174 | Lair:1   | 8174 ||| INVOKING Heroism.
  8208 | Lair:1   | Identified the +7 broad axe of Dried Tears {elec, Int+2}
                  | (Okawaru gifted it to you on level 1 of the Lair of Beasts)
  8208 | Lair:1   | Received a gift from Okawaru
  8214 | Lair:1   | 8214 ||| SWAPPING to +7 broad axe of Dried Tears {elec,
                  | Int+2}.
  8215 | Lair:1   | 8215 ||| DROPPING +2 spectral war axe.
  8432 | Lair:1   | 8432 ||| Stepping ~*~*~tactically~*~*~ (stealth).
  8434 | Lair:1   | 8434 ||| Stepping ~*~*~tactically~*~*~ (stealth).
  8443 | Lair:1   | 8443 ||| INVOKING Heroism.
  8492 | Lair:1   | 8492 ||| INVOKING Heroism.
  8556 | Lair:1   | You are sucked into a shaft and drop 1 floor!
  8563 | Lair:2   | Noticed an eight-headed hydra
  8564 | Lair:2   | 8564 ||| INVOKING Heroism.
  8565 | Lair:2   | 8565 ||| INVOKING Finesse.
  8569 | Lair:2   | 8569 ||| SWAPPING to +0 morningstar.
  8575 | Lair:2   | Killed an eight-headed hydra
  8576 | Lair:2   | 8576 ||| SWAPPING to +7 broad axe of Dried Tears {elec,
                  | Int+2}.
  8691 | Lair:2   | 8691 ||| INVOKING Heroism.
  8700 | Lair:2   | Reached XP level 12. HP: 40/70 MP: 17/19
  8764 | Lair:1   | 8764 ||| Stepping ~*~*~tactically~*~*~ (stealth).
  8765 | Lair:1   | 8765 ||| Stepping ~*~*~tactically~*~*~ (stealth).
  8769 | Lair:1   | 8769 ||| INVOKING Heroism.
  8875 | Lair:1   | Identified the +10 dagger "Waenluaw" {freeze, MP+9}
  8881 | Lair:1   | Noticed a five-headed hydra
  8882 | Lair:1   | 8882 ||| INVOKING Heroism.
  8883 | Lair:1   | 8883 ||| INVOKING Finesse.
  8884 | Lair:1   | 8884 ||| SWAPPING to +0 morningstar.
  8893 | Lair:1   | Killed a five-headed hydra
  8894 | Lair:1   | 8894 ||| SWAPPING to +7 broad axe of Dried Tears {elec,
                  | Int+2}.
  8973 | Lair:1   | 8973 ||| Stepping ~*~*~tactically~*~*~ (stealth).
  8977 | Lair:1   | 8977 ||| INVOKING Heroism.
  8986 | Lair:1   | Gained mutation: You are robust. (+10% HP) [hidden
                  | potential]
  8986 | Lair:1   | Lost mutation: You have hidden genetic potential. [hidden
                  | potential expressed]
  8994 | Lair:1   | Reached skill level 9 in Invocations
  9051 | Lair:1   | Noticed a death yak
  9052 | Lair:1   | 9052 ||| Stepping ~*~*~tactically~*~*~ (hiding).
  9087 | Lair:1   | 9087 ||| READING scroll labelled WUREOC SUGAIQ.
  9087 | Lair:1   | Identified a scroll of acquirement
  9087 | Lair:1   | 9087 ||| ACQUIRING ring of the Bursted Tomato {Str+4 Int+6}
  9087 | Lair:1   | Acquired the ring of the Bursted Tomato {Str+4 Int+6}
  9088 | Lair:1   | 9088 ||| READING 3 scrolls of teleportation.
  9089 | Lair:1   | 9089 ||| INVOKING Heroism.
  9129 | Lair:1   | 9129 ||| INVOKING Heroism.
  9130 | Lair:1   | 9130 ||| INVOKING Finesse.
  9141 | Lair:1   | Killed a death yak
  9413 | Lair:1   | 9413 ||| UPGRADING to ring of the Bursted Tomato {Str+4
                  | Int+6}.
  9435 | Lair:2   | 9435 ||| Stepping ~*~*~tactically~*~*~ (stealth).
  9439 | Lair:2   | 9439 ||| INVOKING Heroism.
  9458 | Lair:2   | 9458 ||| Stepping ~*~*~tactically~*~*~ (stealth).
  9459 | Lair:2   | 9459 ||| Stepping ~*~*~tactically~*~*~ (stealth).
  9502 | Lair:2   | 9502 ||| INVOKING Heroism.
  9526 | Lair:2   | 9526 ||| Stepping ~*~*~tactically~*~*~ (stealth).
  9533 | Lair:2   | Received a gift from Okawaru
  9546 | Lair:2   | 9546 ||| Stepping ~*~*~tactically~*~*~ (stealth).
  9753 | Lair:2   | 9753 ||| Stepping ~*~*~tactically~*~*~ (stealth).
  9755 | Lair:2   | 9755 ||| Stepping ~*~*~tactically~*~*~ (stealth).
  9756 | Lair:2   | 9756 ||| Stepping ~*~*~tactically~*~*~ (stealth).
  9813 | Lair:2   | 9813 ||| INVOKING Heroism.
  9830 | Lair:2   | Reached skill level 9 in Shields
 10366 | Lair:2   | 10366 ||| DROPPING scarf of invisibility.
 10367 | Lair:2   | 10367 ||| DROPPING ring of resist corrosion.
 10368 | Lair:2   | 10368 ||| DROPPING +6 ring of dexterity.
 10369 | Lair:2   | 10369 ||| UPGRADING to +4 ring of protection.
 10371 | Lair:2   | 10371 ||| UPGRADING to ring of protection from fire.
 10373 | Lair:2   | 10373 ||| READING scroll labelled QIGILA ISA NYAG.
 10411 | Lair:3   | 10411 ||| STAIRDANCE
 10427 | Lair:3   | 10427 ||| STAIRDANCE
 10456 | Lair:3   | Reached XP level 13. HP: 66/83 MP: 21/21
 10500 | Lair:3   | Found a staircase to the Shoals.
 10609 | Lair:3   | 10609 ||| INVOKING Heroism.
 10610 | Lair:3   | 10610 ||| INVOKING Finesse.
 10612 | Lair:3   | 10612 ||| SWAPPING to +0 morningstar.
 10625 | Lair:3   | Reached skill level 7 in Armour
 10625 | Lair:3   | 10625 ||| SWAPPING to +7 broad axe of Dried Tears {elec,
                  | Int+2}.
 10735 | Lair:3   | Found a staircase to the Snake Pit.
 10736 | Lair:3   | 10736 ||| Stepping ~*~*~tactically~*~*~ (hiding).
 10863 | Lair:3   | 10863 ||| INVOKING Heroism.
 11009 | Lair:3   | 11009 ||| INVOKING Heroism.
 11156 | Lair:3   | 11156 ||| UPGRADING to +0 pair of gloves.
 11161 | Lair:3   | 11161 ||| DROPPING +6 ring of intelligence.
 11162 | Lair:3   | 11162 ||| READING 6 scrolls of identify.
 11162 | Lair:3   | 11162 ||| IDENTIFYING fuming black potion
 11163 | Lair:3   | 11163 ||| DROPPING potion of berserk rage.
 11239 | Lair:4   | 11239 ||| INVOKING Heroism.
 11245 | Lair:4   | Received a gift from Okawaru
 11353 | Lair:4   | 11353 ||| INVOKING Heroism.
 11397 | Lair:4   | Found a staircase to the Slime Pits.
 11448 | Lair:4   | Reached skill level 15 in Axes
 11542 | Lair:4   | 11542 ||| INVOKING Heroism.
 11602 | Lair:4   | Identified the +9 whip of Zauplekk {antimagic, rF+}
 11603 | Lair:4   | 11603 ||| INVOKING Heroism.
 11611 | Lair:4   | Reached skill level 8 in Armour
 11701 | Lair:4   | 11701 ||| Stepping ~*~*~tactically~*~*~ (stealth).
 11702 | Lair:4   | 11702 ||| INVOKING Heroism.
 11703 | Lair:4   | 11703 ||| SWAPPING to +0 morningstar.
 11704 | Lair:4   | 11704 ||| INVOKING Finesse.
 11711 | Lair:4   | 11711 ||| SWAPPING to +7 broad axe of Dried Tears {elec,
                  | Int+2}.
 11815 | Lair:4   | 11815 ||| Stepping ~*~*~tactically~*~*~ (hiding).
 11823 | Lair:4   | 11823 ||| INVOKING Heroism.
 11824 | Lair:4   | 11824 ||| SWAPPING to +0 morningstar.
 11825 | Lair:4   | 11825 ||| INVOKING Finesse.
 11835 | Lair:4   | 11835 ||| SWAPPING to +7 broad axe of Dried Tears {elec,
                  | Int+2}.
 11910 | Lair:4   | 11910 ||| INVOKING Heroism.
 11916 | Lair:4   | 11916 ||| Stepping ~*~*~tactically~*~*~ (stealth).
 11930 | Lair:4   | 11930 ||| INVOKING Heroism.
 12067 | Lair:4   | Identified the +7 rapier of Oprasix {vorpal, rN+ rCorr
                  | Str+3}
 12193 | Lair:4   | 12193 ||| INVOKING Heroism.
 12236 | Lair:4   | 12236 ||| INVOKING Heroism.
 12295 | Lair:4   | 12295 ||| INVOKING Heroism.
 12477 | Lair:4   | 12477 ||| UPGRADING to +0 kite shield of protection.
 12487 | Lair:4   | 12487 ||| DROPPING +0 kite shield.
 12528 | Lair:5   | Entered Level 5 of the Lair of Beasts
 12529 | Lair:5   | 12529 ||| INVOKING Heroism.
 12530 | Lair:5   | 12530 ||| STAIRDANCE
 12547 | Lair:5   | 12547 ||| STAIRDANCE
 12549 | Lair:4   | 12549 ||| SWAPPING to +0 morningstar.
 12550 | Lair:4   | 12550 ||| INVOKING Finesse.
 12552 | Lair:4   | HP: 16/83 [hell rat (9)]
 12553 | Lair:4   | 12553 ||| READING 3 scrolls of teleportation.
 12554 | Lair:4   | 12554 ||| DRINKING 6 potions of heal wounds.
 12558 | Lair:4   | 12558 ||| SWAPPING to +7 broad axe of Dried Tears {elec,
                  | Int+2}.
 12611 | Lair:5   | 12611 ||| INVOKING Heroism.
 12642 | Lair:5   | 12642 ||| INVOKING Finesse.
 12645 | Lair:5   | 12645 ||| SWAPPING to +0 morningstar.
 12651 | Lair:5   | Identified the +1 pair of gloves "Fudghem" {Harm Regen+
                  | Int+2} (Okawaru gifted it to you on level 5 of the Lair of
                  | Beasts)
 12651 | Lair:5   | Received a gift from Okawaru
 12652 | Lair:5   | 12652 ||| SWAPPING to +7 broad axe of Dried Tears {elec,
                  | Int+2}.
 12824 | Lair:5   | 12824 ||| INVOKING Heroism.
 12841 | Lair:5   | Reached skill level 9 in Armour
 12872 | Lair:5   | 12872 ||| INVOKING Heroism.
 12919 | Lair:5   | 12919 ||| Stepping ~*~*~tactically~*~*~ (stealth).
 12950 | Lair:5   | Reached XP level 14. HP: 92/92 MP: 22/22
 12994 | Lair:5   | 12994 ||| INVOKING Heroism.
 13002 | Lair:5   | 13002 ||| Stepping ~*~*~tactically~*~*~ (stealth).
 13256 | Lair:5   | 13256 ||| INVOKING Heroism.
 13257 | Lair:5   | 13257 ||| INVOKING Finesse.
 13260 | Lair:5   | 13260 ||| SWAPPING to +0 morningstar.
 13265 | Lair:5   | 13265 ||| Stepping ~*~*~tactically~*~*~ (outnumbered).
 13266 | Lair:5   | 13266 ||| Stepping ~*~*~tactically~*~*~ (outnumbered).
 13275 | Lair:5   | 13275 ||| SWAPPING to +7 broad axe of Dried Tears {elec,
                  | Int+2}.
 13325 | Lair:5   | 13325 ||| INVOKING Heroism.
 13349 | Lair:5   | 13349 ||| INVOKING Heroism.
 13554 | Lair:5   | 13554 ||| INVOKING Heroism.
 13555 | Lair:5   | 13555 ||| SWAPPING to +0 morningstar.
 13556 | Lair:5   | 13556 ||| INVOKING Finesse.
 13565 | Lair:5   | 13565 ||| SWAPPING to +7 broad axe of Dried Tears {elec,
                  | Int+2}.
 13628 | Lair:5   | 13628 ||| Stepping ~*~*~tactically~*~*~ (hiding).
 13739 | Lair:5   | Found a burning altar of Makhleb.
 13740 | Lair:5   | 13740 ||| Stepping ~*~*~tactically~*~*~ (hiding).
 13741 | Lair:5   | 13741 ||| Stepping ~*~*~tactically~*~*~ (stealth).
 13747 | Lair:5   | 13747 ||| Stepping ~*~*~tactically~*~*~ (hiding).
 13749 | Lair:5   | 13749 ||| INVOKING Heroism.
 13761 | Lair:5   | Received a gift from Okawaru
 13763 | Lair:5   | 13763 ||| INVOKING Finesse.
 13769 | Lair:5   | Reached skill level 9 in Fighting
 13812 | Lair:5   | Found a gateway to Hell.
 14027 | Lair:5   | 14027 ||| PLANNING D:1-11
 14027 | Lair:5   | 14027 ||| UPGRADING to ring of poison resistance.
 14029 | Lair:5   | 14029 ||| DROPPING ring of positive energy.
 14030 | Lair:5   | 14030 ||| UPGRADING to +4 ring of protection.
 14048 | Lair:4   | 14048 ||| INVOKING Heroism.
 14049 | Lair:4   | 14049 ||| INVOKING Finesse.
 14052 | Lair:4   | 14052 ||| SWAPPING to +0 morningstar.
 14060 | Lair:4   | 14060 ||| SWAPPING to +7 broad axe of Dried Tears {elec,
                  | Int+2}.
 14209 | D:10     | Entered Level 10 of the Dungeon
 14264 | D:10     | 14264 ||| Stepping ~*~*~tactically~*~*~ (stealth).
 14265 | D:10     | 14265 ||| INVOKING Heroism.
 14401 | D:10     | 14401 ||| INVOKING Heroism.
 14440 | D:10     | 14440 ||| Stepping ~*~*~tactically~*~*~ (stealth).
 14459 | D:10     | 14459 ||| Stepping ~*~*~tactically~*~*~ (stealth).
 14460 | D:10     | 14460 ||| Stepping ~*~*~tactically~*~*~ (stealth).
 14468 | D:10     | 14468 ||| Stepping ~*~*~tactically~*~*~ (stealth).
 14472 | D:10     | 14472 ||| INVOKING Heroism.
 14487 | D:10     | 14487 ||| Stepping ~*~*~tactically~*~*~ (stealth).
 14501 | D:10     | Found a staircase to the Orcish Mines.
 14525 | D:10     | 14525 ||| INVOKING Heroism.
 14571 | D:10     | 14571 ||| Stepping ~*~*~tactically~*~*~ (stealth).
 14789 | D:10     | 14789 ||| Stepping ~*~*~tactically~*~*~ (stealth).
 14791 | D:10     | 14791 ||| Stepping ~*~*~tactically~*~*~ (stealth).
 14797 | D:10     | 14797 ||| Stepping ~*~*~tactically~*~*~ (stealth).
 14816 | D:10     | 14816 ||| INVOKING Heroism.
 14820 | D:10     | Reached skill level 18 in Axes
 14861 | D:10     | Noticed Nergalle
 14862 | D:10     | 14862 ||| Stepping ~*~*~tactically~*~*~ (hiding).
 14875 | D:10     | Killed Nergalle
 15142 | D:11     | Reached skill level 6 in Dodging
 15188 | D:11     | Found a frozen archway.
 15281 | D:11     | Found Semmarche's Jewellery Shop.
 15288 | D:11     | 15288 ||| BUYING ring of poison resistance (200 gold).
 15288 | D:11     | Bought a ring of poison resistance for 200 gold pieces
 15320 | D:11     | Identified the +3 war axe "Death Rattle" {vorpal, SInv}
 15331 | D:11     | 15331 ||| FLEEEEING.
 15332 | D:11     | 15332 ||| FLEEEEING.
 15333 | D:11     | 15333 ||| FLEEEEING.
 15334 | D:11     | 15334 ||| FLEEEEING.
 15335 | D:11     | 15335 ||| FLEEEEING.
 15400 | D:11     | 15400 ||| READING scroll of enchant armour.
 15400 | D:11     | 15400 ||| ENCHANTING +0 pair of gloves.
 15507 | D:11     | 15507 ||| INVOKING Heroism.
 15950 | D:11     | 15950 ||| PLANNING D
 15950 | D:11     | 15950 ||| READING scroll labelled DESI VERPHOJ.
 15985 | D:12     | 15985 ||| INVOKING Heroism.
 16092 | D:12     | Noticed Frances
 16093 | D:12     | 16093 ||| INVOKING Heroism.
 16102 | D:12     | Killed Frances
 16103 | D:12     | Reached skill level 10 in Armour
 16147 | D:12     | 16147 ||| INVOKING Heroism.
 16216 | D:12     | Found Winliysy's Jewellery Shoppe.
 16225 | D:12     | 16225 ||| BUYING ring of see invisible (165 gold).
 16225 | D:12     | Bought a ring of see invisible for 165 gold pieces
 16375 | D:12     | 16375 ||| Stepping ~*~*~tactically~*~*~ (hiding).
 16417 | D:12     | You are sucked into a shaft and drop 2 floors!
 16426 | D:14     | 16426 ||| INVOKING Heroism.
 16427 | D:14     | 16427 ||| INVOKING Finesse.
 16431 | D:14     | 16431 ||| SWAPPING to +0 morningstar.
 16440 | D:14     | Reached XP level 15. HP: 99/99 MP: 16/23
 16440 | D:14     | 16440 ||| SWAPPING to +7 broad axe of Dried Tears {elec,
                  | Int+2}.
 16490 | D:14     | 16490 ||| READING 12 scrolls of identify.
 16490 | D:14     | 16490 ||| IDENTIFYING metallic cyan potion
 16492 | D:14     | 16492 ||| Stepping ~*~*~tactically~*~*~ (stealth).
 16493 | D:14     | 16493 ||| Stepping ~*~*~tactically~*~*~ (stealth).
 16496 | D:14     | 16496 ||| Stepping ~*~*~tactically~*~*~ (stealth).
 16513 | D:14     | 16513 ||| INVOKING Heroism.
 16562 | D:13     | 16562 ||| Stepping ~*~*~tactically~*~*~ (hiding).
 16590 | D:13     | 16590 ||| Stepping ~*~*~tactically~*~*~ (stealth).
 16643 | D:13     | 16643 ||| INVOKING Heroism.
 16644 | D:13     | 16644 ||| INVOKING Finesse.
 16646 | D:13     | 16646 ||| SWAPPING to +0 morningstar.
 16654 | D:13     | 16654 ||| SWAPPING to +7 broad axe of Dried Tears {elec,
                  | Int+2}.
 16712 | D:13     | 16712 ||| READING 11 scrolls of identify.
 16712 | D:13     | 16712 ||| IDENTIFYING ruby potion
 17020 | D:13     | 17020 ||| Stepping ~*~*~tactically~*~*~ (stealth).
 17021 | D:13     | 17021 ||| Stepping ~*~*~tactically~*~*~ (stealth).
 17022 | D:13     | 17022 ||| Stepping ~*~*~tactically~*~*~ (stealth).
 17027 | D:13     | 17027 ||| Stepping ~*~*~tactically~*~*~ (stealth).
 17259 | D:13     | 17259 ||| INVOKING Heroism.
 17260 | D:13     | 17260 ||| INVOKING Finesse.
 17261 | D:13     | 17261 ||| SWAPPING to +0 morningstar.
 17273 | D:13     | 17273 ||| SWAPPING to +7 broad axe of Dried Tears {elec,
                  | Int+2}.
 17624 | D:13     | 17624 ||| UPGRADING to +1 cloak.
 17718 | D:14     | Found a gate to the Vaults.
 17742 | D:14     | Received a gift from Okawaru
 17786 | D:14     | Found a runed translucent gate.
 17786 | D:14     | Noticed qw's ghost (journeyman TeWr)
 17787 | D:14     | Found a runed translucent gate.
 17788 | D:14     | Found a runed translucent gate.
 17921 | D:14     | Identified the +1 robe of the Modern Persimmons {rC++}
 17927 | D:14     | Noticed Josephine
 17931 | D:14     | 17931 ||| INVOKING Heroism.
 17938 | D:14     | Killed Josephine
 18165 | D:14     | 18165 ||| READING 7 scrolls of teleportation.
 18224 | D:15     | Entered Level 15 of the Dungeon
 18227 | D:15     | 18227 ||| STAIRDANCE
 18304 | D:15     | 18304 ||| INVOKING Heroism.
 18305 | D:15     | 18305 ||| Stepping ~*~*~tactically~*~*~ (hiding).
 18306 | D:15     | 18306 ||| Stepping ~*~*~tactically~*~*~ (hiding).
 18313 | D:15     | Reached skill level 11 in Armour
 18317 | D:15     | Found a staircase to the Depths.
 18338 | D:15     | 18338 ||| INVOKING Heroism.
 18346 | D:15     | HP: 20/101 [centaur warrior/arrow (14)]
 18347 | D:15     | 18347 ||| READING 6 scrolls of teleportation.
 18348 | D:15     | 18348 ||| DRINKING 8 potions of heal wounds.
 18349 | D:15     | HP: 1/101 [centaur warrior/arrow (10)]
 18350 | D:15     | 18350 ||| DRINKING 7 potions of heal wounds.
 18351 | D:15     | 18351 ||| DRINKING 6 potions of heal wounds.
 18366 | D:15     | HP: 24/101 [??? (21)]
 18367 | D:15     | 18367 ||| READING 5 scrolls of teleportation.
 18418 | D:15     | Identified the +1 scale mail of the Gate {Harm Str+6 Dex+4}
 18427 | D:15     | 18427 ||| INVOKING Heroism.
 18441 | D:15     | HP: 22/102 [centaur warrior (6)]
 18442 | D:15     | 18442 ||| READING 4 scrolls of teleportation.
 18443 | D:15     | 18443 ||| DRINKING 5 potions of heal wounds.
 18518 | D:15     | 18518 ||| INVOKING Heroism.
 18710 | D:15     | 18710 ||| INVOKING Heroism.
 18711 | D:15     | 18711 ||| INVOKING Finesse.
 18713 | D:15     | 18713 ||| SWAPPING to +0 morningstar.
 18722 | D:15     | 18722 ||| SWAPPING to +7 broad axe of Dried Tears {elec,
                  | Int+2}.
 18810 | D:15     | 18810 ||| INVOKING Heroism.
 18822 | D:15     | Identified the +1 plate armour "Fofidoti" {*Corrode rF+
                  | Regen+ MP+9} (Okawaru gifted it to you on level 15 of the
                  | Dungeon)
 18822 | D:15     | Received a gift from Okawaru
 19124 | D:15     | 19124 ||| Stepping ~*~*~tactically~*~*~ (hiding).
 19256 | D:15     | 19256 ||| PLANNING ORC
 19256 | D:15     | 19256 ||| DROPPING +0 chain mail of fire resistance.
 19257 | D:15     | 19257 ||| UPGRADING to +1 plate armour "Fofidoti" {*Corrode
                  | rF+ Regen+ MP+9}.
 19267 | D:15     | 19267 ||| DROPPING +0 plate armour.
 19448 | Orc:1    | Entered Level 1 of the Orcish Mines
 19448 | Orc:1    | Noticed Snorg
 19449 | Orc:1    | 19449 ||| INVOKING Heroism.
 19450 | Orc:1    | 19450 ||| INVOKING Finesse.
 19463 | Orc:1    | Killed Snorg
 19678 | Orc:2    | Entered Level 2 of the Orcish Mines
 19681 | Orc:2    | 19681 ||| STAIRDANCE
 19687 | Orc:2    | 19687 ||| STAIRDANCE
 19692 | Orc:2    | 19692 ||| STAIRDANCE
 19697 | Orc:2    | 19697 ||| STAIRDANCE
 19704 | Orc:2    | 19704 ||| STAIRDANCE
 19708 | Orc:2    | 19708 ||| INVOKING Heroism.
 19709 | Orc:2    | 19709 ||| STAIRDANCE
 19730 | Orc:2    | 19730 ||| STAIRDANCE
 19736 | Orc:2    | 19736 ||| STAIRDANCE
 19741 | Orc:2    | 19741 ||| STAIRDANCE
 19794 | Orc:2    | 19794 ||| Stepping ~*~*~tactically~*~*~ (stealth).
 19795 | Orc:2    | 19795 ||| Stepping ~*~*~tactically~*~*~ (hiding).
 19926 | Orc:2    | 19926 ||| Stepping ~*~*~tactically~*~*~ (hiding).
 19928 | Orc:2    | 19928 ||| INVOKING Heroism.
 19956 | Orc:2    | 19956 ||| Stepping ~*~*~tactically~*~*~ (stealth).
 19977 | Orc:2    | 19977 ||| Stepping ~*~*~tactically~*~*~ (stealth).
 19983 | Orc:2    | 19983 ||| Stepping ~*~*~tactically~*~*~ (hiding).
 20071 | Orc:2    | 20071 ||| Stepping ~*~*~tactically~*~*~ (stealth).
 20078 | Orc:2    | 20078 ||| Stepping ~*~*~tactically~*~*~ (hiding).
 20081 | Orc:2    | 20081 ||| Stepping ~*~*~tactically~*~*~ (hiding).
 20096 | Orc:2    | 20096 ||| Stepping ~*~*~tactically~*~*~ (stealth).
 20098 | Orc:2    | 20098 ||| Stepping ~*~*~tactically~*~*~ (hiding).
 20104 | Orc:2    | 20104 ||| Stepping ~*~*~tactically~*~*~ (hiding).
 20129 | Orc:2    | 20129 ||| Stepping ~*~*~tactically~*~*~ (stealth).
 20139 | Orc:2    | 20139 ||| Stepping ~*~*~tactically~*~*~ (stealth).
 20141 | Orc:2    | 20141 ||| Stepping ~*~*~tactically~*~*~ (hiding).
 20143 | Orc:2    | 20143 ||| INVOKING Heroism.
 20152 | Orc:2    | Reached skill level 12 in Armour
 20162 | Orc:2    | 20162 ||| Stepping ~*~*~tactically~*~*~ (stealth).
 20170 | Orc:2    | 20170 ||| Stepping ~*~*~tactically~*~*~ (stealth).
 20176 | Orc:2    | 20176 ||| Stepping ~*~*~tactically~*~*~ (stealth).
 20195 | Orc:2    | Reached XP level 16. HP: 76/110 MP: 24/24
 20202 | Orc:2    | 20202 ||| INVOKING Heroism.
 20210 | Orc:2    | 20210 ||| Stepping ~*~*~tactically~*~*~ (stealth).
 20215 | Orc:2    | 20215 ||| Stepping ~*~*~tactically~*~*~ (hiding).
 20230 | Orc:2    | 20230 ||| Stepping ~*~*~tactically~*~*~ (stealth).
 20237 | Orc:2    | Found Uqizu's Distillery.
 20237 | Orc:2    | Found Tuxoyn's Armour Boutique.
 20240 | Orc:2    | 20240 ||| Stepping ~*~*~tactically~*~*~ (stealth).
 20244 | Orc:2    | 20244 ||| BUYING +1 gold dragon scales (1044 gold).
 20244 | Orc:2    | Bought +1 gold dragon scales for 1044 gold pieces
 20248 | Orc:2    | 20248 ||| Stepping ~*~*~tactically~*~*~ (hiding).
 20265 | Orc:2    | 20265 ||| BUYING potion of curing (42 gold).
 20265 | Orc:2    | Bought a potion of curing for 42 gold pieces
 20265 | Orc:2    | 20265 ||| SHOPLISTING potion of curing (42 gold, have 18).
 20265 | Orc:2    | 20265 ||| SHOPLISTING potion of heal wounds (70 gold, have
                  | 18).
 20271 | Orc:2    | 20271 ||| Stepping ~*~*~tactically~*~*~ (stealth).
 20274 | Orc:2    | 20274 ||| Stepping ~*~*~tactically~*~*~ (stealth).
 20278 | Orc:2    | 20278 ||| Stepping ~*~*~tactically~*~*~ (stealth).
 20283 | Orc:2    | 20283 ||| INVOKING Heroism.
 20295 | Orc:2    | Reached skill level 12 in Shields
 20313 | Orc:2    | 20313 ||| INVOKING Heroism.
 20398 | Orc:2    | Noticed Jorgrun
 20399 | Orc:2    | 20399 ||| INVOKING Heroism.
 20400 | Orc:2    | 20400 ||| INVOKING Finesse.
 20407 | Orc:2    | 20407 ||| DRINKING potion of cancellation.
 20424 | Orc:2    | Killed Jorgrun
 20515 | Orc:2    | Found Zeurunna's Antique Armour Boutique.
 20607 | Orc:2    | Found a staircase to the Elven Halls.
 20649 | Orc:2    | Found Cilloduvef's Jewellery Emporium.
 20650 | Orc:2    | 20650 ||| INVOKING Heroism.
 20681 | Orc:2    | 20681 ||| SHOPLISTING +4 ring of protection (504 gold, have
                  | 184).
 20681 | Orc:2    | 20681 ||| SHOPLISTING +4 ring of slaying (1092 gold, have
                  | 184).
 20681 | Orc:2    | 20681 ||| SHOPLISTING +6 ring of strength (504 gold, have
                  | 184).
 20681 | Orc:2    | 20681 ||| SHOPLISTING ring of Kaaxoeckul {Str+5 Slay+4}
                  | (1337 gold, have 184).
 20687 | Orc:2    | Found Aruarir's Antique Weapon Boutique.
 20698 | Orc:2    | 20698 ||| SHOPLISTING +14 obsidian axe {vorpal, Mesm Drain
                  | Fly SInv} (2845 gold, have 211).
 20724 | Orc:2    | 20724 ||| INVOKING Heroism.
 20726 | Orc:2    | Reached skill level 9 in Dodging
 20919 | Orc:2    | 20919 ||| UPGRADING to +1 gold dragon scales.
 20929 | Orc:2    | 20929 ||| REMOVING ring of poison resistance.
 20930 | Orc:2    | 20930 ||| DROPPING +1 plate armour "Fofidoti" {*Corrode rF+
                  | Regen+ MP+9}.
 20931 | Orc:2    | 20931 ||| UPGRADING to ring of protection from fire.
 20932 | Orc:2    | 20932 ||| UPGRADING to ring of the Bursted Tomato {Str+4
                  | Int+6}.
 20934 | Orc:2    | 20934 ||| UPGRADING to ring of see invisible.
 20974 | Orc:1    | Noticed Erica
 20975 | Orc:1    | 20975 ||| INVOKING Heroism.
 20976 | Orc:1    | 20976 ||| INVOKING Finesse.
 20981 | Orc:1    | Killed Erica
 21072 | Orc:1    | 21072 ||| PLANNING SHOALS:1-3
 21281 | Shoals:1 | Entered Level 1 of the Shoals
 21345 | Shoals:1 | Noticed Louise
 21346 | Shoals:1 | 21346 ||| INVOKING Heroism.
 21347 | Shoals:1 | 21347 ||| INVOKING Finesse.
 21366 | Shoals:1 | Killed Louise
 21522 | Shoals:1 | Noticed Donald
 21523 | Shoals:1 | 21523 ||| INVOKING Heroism.
 21536 | Shoals:1 | HP: 21/110 [Donald/+0 vorpal eveningstar (13)]
 21537 | Shoals:1 | 21537 ||| READING 4 scrolls of teleportation.
 21538 | Shoals:1 | 21538 ||| DRINKING 4 potions of heal wounds.
 21539 | Shoals:1 | 21539 ||| DRINKING 3 potions of heal wounds.
 21540 | Shoals:1 | 21540 ||| DRINKING 2 potions of heal wounds.
 21594 | Shoals:1 | 21594 ||| INVOKING Heroism.
 21681 | Shoals:1 | 21681 ||| INVOKING Heroism.
 21693 | Shoals:1 | Killed Donald
 21694 | Shoals:1 | Reached skill level 13 in Armour
 22057 | Shoals:1 | 22057 ||| UPGRADING to +2 tower shield.
 22067 | Shoals:1 | 22067 ||| DROPPING +0 kite shield of protection.
 22068 | Shoals:1 | 22068 ||| READING 14 scrolls of identify.
 22068 | Shoals:1 | 22068 ||| IDENTIFYING murky cyan potion
 22129 | Shoals:2 | 22129 ||| INVOKING Heroism.
 22199 | Shoals:2 | Identified the +10 chain mail "Tohytwu" {Will+}
 22213 | Shoals:2 | 22213 ||| INVOKING Heroism.
 22253 | Shoals:2 | Noticed a kraken
 22262 | Shoals:2 | Killed a kraken
 22382 | Shoals:2 | Found a transporter.
 22385 | Shoals:2 | Noticed thechecker02's ghost (adept GnFi)
 22393 | Shoals:2 | Found the +8 Vampire's Tooth {vamp}
 22411 | Shoals:2 | Found a transporter.
 22439 | Shoals:2 | 22439 ||| Stepping ~*~*~tactically~*~*~ (hiding).
 22441 | Shoals:2 | 22441 ||| Stepping ~*~*~tactically~*~*~ (hiding).
 22444 | Shoals:2 | 22444 ||| Stepping ~*~*~tactically~*~*~ (hiding).
 22447 | Shoals:2 | 22447 ||| Stepping ~*~*~tactically~*~*~ (hiding).
 22451 | Shoals:2 | 22451 ||| INVOKING Heroism.
 22489 | Shoals:2 | 22489 ||| Stepping ~*~*~tactically~*~*~ (hiding).
 22652 | Shoals:2 | 22652 ||| INVOKING Heroism.
 22779 | Shoals:2 | Noticed a kraken
 22781 | Shoals:2 | 22781 ||| INVOKING Heroism.
 22790 | Shoals:2 | Killed a kraken
 22867 | Shoals:2 | 22867 ||| DROPPING ring of the Bursted Tomato {Str+4
                  | Int+6}.
 22902 | Shoals:3 | 22902 ||| INVOKING Heroism.
 22948 | Shoals:3 | 22948 ||| INVOKING Heroism.
 23015 | Shoals:3 | 23015 ||| INVOKING Heroism.
 23063 | Shoals:3 | 23063 ||| INVOKING Finesse.
 23220 | Shoals:3 | 23220 ||| Stepping ~*~*~tactically~*~*~ (hiding).
 23366 | Shoals:3 | 23366 ||| Stepping ~*~*~tactically~*~*~ (hiding).
 23500 | Shoals:3 | 23500 ||| INVOKING Heroism.
 23505 | Shoals:3 | Reached skill level 3 in Throwing
 23669 | Shoals:3 | Reached XP level 17. HP: 114/114 MP: 25/25
 23923 | Shoals:3 | 23923 ||| PLANNING SNAKE:1-3
 24063 | Snake:1  | Entered Level 1 of the Snake Pit
 24093 | Snake:1  | Identified the +1 long sword of Valour {vorpal, Will+}
 24129 | Snake:1  | 24129 ||| Stepping ~*~*~tactically~*~*~ (hiding).
 24254 | Snake:1  | 24254 ||| Stepping ~*~*~tactically~*~*~ (hiding).
 24255 | Snake:1  | 24255 ||| Stepping ~*~*~tactically~*~*~ (hiding).
 24278 | Snake:1  | Reached skill level 15 in Shields
 24330 | Snake:1  | 24330 ||| Stepping ~*~*~tactically~*~*~ (hiding).
 24450 | Snake:1  | 24450 ||| Stepping ~*~*~tactically~*~*~ (hiding).
 24454 | Snake:1  | 24454 ||| INVOKING Heroism.
 24459 | Snake:1  | Identified the +10 hand axe "Kodeonoi" {vorpal, rPois Will+
                  | Dex+4} (Okawaru gifted it to you on level 1 of the Snake
                  | Pit)
 24459 | Snake:1  | Received a gift from Okawaru
 24621 | Snake:1  | 24621 ||| Stepping ~*~*~tactically~*~*~ (hiding).
 24624 | Snake:1  | 24624 ||| Stepping ~*~*~tactically~*~*~ (hiding).
 24625 | Snake:1  | 24625 ||| Stepping ~*~*~tactically~*~*~ (hiding).
 24626 | Snake:1  | 24626 ||| Stepping ~*~*~tactically~*~*~ (hiding).
 24627 | Snake:1  | 24627 ||| INVOKING Heroism.
 24735 | Snake:1  | Noticed Aizul
 24736 | Snake:1  | 24736 ||| Stepping ~*~*~tactically~*~*~ (hiding).
 24739 | Snake:1  | 24739 ||| INVOKING Heroism.
 24740 | Snake:1  | 24740 ||| INVOKING Finesse.
 24758 | Snake:1  | Killed Aizul
 24765 | Snake:1  | Noticed Asterion
 24766 | Snake:1  | 24766 ||| Stepping ~*~*~tactically~*~*~ (stealth).
 24767 | Snake:1  | 24767 ||| Stepping ~*~*~tactically~*~*~ (stealth).
 24770 | Snake:1  | 24770 ||| Stepping ~*~*~tactically~*~*~ (stealth).
 24777 | Snake:1  | Noticed an Executioner
 24781 | Snake:1  | 24781 ||| INVOKING Heroism.
 24794 | Snake:1  | Killed Asterion
 24865 | Snake:1  | Found Cearen's Assorted Antiques.
 24866 | Snake:1  | 24866 ||| Stepping ~*~*~tactically~*~*~ (hiding).
 24874 | Snake:1  | 24874 ||| INVOKING Heroism.
 24904 | Snake:1  | Noticed Rupert
 24905 | Snake:1  | 24905 ||| INVOKING Finesse.
 24921 | Snake:1  | Killed Rupert
 24925 | Snake:1  | Reached skill level 14 in Armour
 24944 | Snake:1  | 24944 ||| BUYING 2 potions of curing (246 gold).
 24944 | Snake:1  | Bought 2 potions of curing for 246 gold pieces
 24944 | Snake:1  | 24944 ||| BUYING scroll of teleportation (123 gold).
 24944 | Snake:1  | Bought a scroll of teleportation for 123 gold pieces
 24944 | Snake:1  | 24944 ||| BUYING scroll of teleportation (123 gold).
 24944 | Snake:1  | Bought a scroll of teleportation for 123 gold pieces
 24964 | Snake:1  | 24964 ||| Stepping ~*~*~tactically~*~*~ (hiding).
 24965 | Snake:1  | 24965 ||| Stepping ~*~*~tactically~*~*~ (hiding).
 24998 | Snake:1  | 24998 ||| INVOKING Heroism.
 25009 | Snake:1  | HP: 15/114 [naga/+0 glaive (34)]
 25010 | Snake:1  | 25010 ||| READING 7 scrolls of teleportation.
 25011 | Snake:1  | 25011 ||| DRINKING 5 potions of heal wounds.
 25012 | Snake:1  | 25012 ||| DRINKING 4 potions of heal wounds.
 25014 | Snake:1  | 25014 ||| DRINKING 3 potions of heal wounds.
 25111 | Snake:1  | 25111 ||| Stepping ~*~*~tactically~*~*~ (hiding).
 25134 | Snake:1  | 25134 ||| INVOKING Heroism.
 25183 | Snake:1  | 25183 ||| Stepping ~*~*~tactically~*~*~ (stealth).
 25184 | Snake:1  | 25184 ||| Stepping ~*~*~tactically~*~*~ (stealth).
 25266 | Snake:1  | Found Maleamec's Book Shop.
 25267 | Snake:1  | Found Esofrizi's Jewellery Emporium.
 25268 | Snake:1  | Found Fekiq's Book Shop.
 25293 | Snake:1  | 25293 ||| Stepping ~*~*~tactically~*~*~ (stealth).
 25295 | Snake:1  | 25295 ||| INVOKING Heroism.
 25338 | Snake:1  | 25338 ||| INVOKING Heroism.
 25354 | Snake:1  | 25354 ||| UPGRADING to +2 tower shield of protection.
 25364 | Snake:1  | 25364 ||| DROPPING +2 tower shield.
 25386 | Snake:1  | 25386 ||| Stepping ~*~*~tactically~*~*~ (stealth).
 25399 | Snake:1  | 25399 ||| INVOKING Heroism.
 25403 | Snake:1  | HP: 26/114 [shock serpent/bolt of electricity (11)]
 25404 | Snake:1  | 25404 ||| READING 6 scrolls of teleportation.
 25405 | Snake:1  | 25405 ||| DRINKING 2 potions of heal wounds.
 25596 | Snake:2  | Noticed Seits's ghost (adept MiFi)
 25597 | Snake:2  | Found a runed translucent gate.
 25597 | Snake:2  | Found a runed translucent gate.
 25597 | Snake:2  | Found a runed translucent gate.
 25636 | Snake:2  | 25636 ||| Stepping ~*~*~tactically~*~*~ (hiding).
 25639 | Snake:2  | 25639 ||| INVOKING Heroism.
 25657 | Snake:2  | Identified the +1 hat of Cocytus {rElec Str+7} (Okawaru
                  | gifted it to you on level 2 of the Snake Pit)
 25657 | Snake:2  | Received a gift from Okawaru
 25681 | Snake:2  | 25681 ||| Stepping ~*~*~tactically~*~*~ (stealth).
 25697 | Snake:2  | 25697 ||| Stepping ~*~*~tactically~*~*~ (stealth).
 25698 | Snake:2  | 25698 ||| Stepping ~*~*~tactically~*~*~ (stealth).
 25700 | Snake:2  | 25700 ||| Stepping ~*~*~tactically~*~*~ (hiding).
 25713 | Snake:2  | 25713 ||| INVOKING Heroism.
 25766 | Snake:2  | Reached skill level 15 in Armour
 25834 | Snake:2  | 25834 ||| Stepping ~*~*~tactically~*~*~ (hiding).
 26029 | Snake:2  | Found Joceb's Magic Scroll Shoppe.
 26039 | Snake:2  | 26039 ||| Stepping ~*~*~tactically~*~*~ (hiding).
 26046 | Snake:2  | 26046 ||| Stepping ~*~*~tactically~*~*~ (hiding).
 26051 | Snake:2  | 26051 ||| INVOKING Heroism.
 26085 | Snake:2  | 26085 ||| BUYING scroll of enchant armour (105 gold).
 26085 | Snake:2  | Bought a scroll of enchant armour for 105 gold pieces
 26085 | Snake:2  | 26085 ||| READING scroll of enchant armour.
 26085 | Snake:2  | 26085 ||| ENCHANTING +1 gold dragon scales.
 26121 | Snake:2  | 26121 ||| Stepping ~*~*~tactically~*~*~ (hiding).
 26261 | Snake:2  | 26261 ||| READING scroll of enchant armour.
 26261 | Snake:2  | 26261 ||| ENCHANTING +2 gold dragon scales.
 26290 | Snake:2  | 26290 ||| INVOKING Heroism.
 26367 | Snake:2  | 26367 ||| UPGRADING to +1 hat of Cocytus {rElec Str+7}.
 26403 | Snake:3  | 26403 ||| INVOKING Heroism.
 26444 | Snake:3  | 26444 ||| INVOKING Heroism.
 26453 | Snake:3  | Reached skill level 12 in Fighting
 26907 | Snake:3  | 26907 ||| INVOKING Heroism.
 26916 | Snake:3  | Reached XP level 18. HP: 121/123 MP: 24/26
 26921 | Snake:3  | 26921 ||| DROPPING +0 morningstar.
 26957 | Snake:3  | 26957 ||| INVOKING Heroism.
 26999 | Snake:3  | 26999 ||| INVOKING Heroism.
 27001 | Snake:3  | 27001 ||| Stepping ~*~*~tactically~*~*~ (hiding).
 27003 | Snake:3  | 27003 ||| Stepping ~*~*~tactically~*~*~ (hiding).
 27017 | Snake:3  | Received a gift from Okawaru
 27025 | Snake:3  | 27025 ||| Stepping ~*~*~tactically~*~*~ (hiding).
 27057 | Snake:3  | 27057 ||| Stepping ~*~*~tactically~*~*~ (hiding).
 27059 | Snake:3  | 27059 ||| Stepping ~*~*~tactically~*~*~ (hiding).
 27063 | Snake:3  | Noticed Vashnia
 27073 | Snake:3  | 27073 ||| INVOKING Heroism.
 27102 | Snake:3  | Killed Vashnia
 27312 | Snake:3  | 27312 ||| PLANNING SHOALS:4
 27480 | Shoals:4 | Entered Level 4 of the Shoals
 27480 | Shoals:4 | Found Fuseyblo's Magic Scroll Emporium.
 27481 | Shoals:4 | 27481 ||| STAIRDANCE
 27483 | Shoals:4 | 27483 ||| STAIRDANCE
 27503 | Shoals:4 | 27503 ||| STAIRDANCE
 27505 | Shoals:3 | 27505 ||| INVOKING Heroism.
 27508 | Shoals:3 | Received a gift from Okawaru
 27518 | Shoals:4 | 27518 ||| STAIRDANCE
 27522 | Shoals:3 | Received a gift from Okawaru
 27534 | Shoals:4 | 27534 ||| STAIRDANCE
 27539 | Shoals:4 | 27539 ||| STAIRDANCE
 27552 | Shoals:4 | 27552 ||| STAIRDANCE
 27560 | Shoals:4 | 27560 ||| STAIRDANCE
 27570 | Shoals:4 | 27570 ||| INVOKING Heroism.
 27571 | Shoals:4 | 27571 ||| INVOKING Finesse.
 27572 | Shoals:4 | Noticed Ilsuiw
 27603 | Shoals:4 | 27603 ||| INVOKING Finesse.
 27606 | Shoals:4 | HP: 29/124 [barbs]
 27606 | Shoals:4 | HP: 7/124 [merfolk aquamancer/shard of ice (23)]
 27607 | Shoals:4 | 27607 ||| READING 7 scrolls of teleportation.
 27608 | Shoals:4 | 27608 ||| DRINKING 2 potions of heal wounds.
 27634 | Shoals:4 | 27634 ||| INVOKING Heroism.
 27695 | Shoals:4 | 27695 ||| INVOKING Heroism.
 27746 | Shoals:4 | Found Qeem's Self-Improvement Boutique.
 27753 | Shoals:4 | 27753 ||| INVOKING Finesse.
 27754 | Shoals:4 | 27754 ||| INVOKING Heroism.
 27829 | Shoals:4 | 27829 ||| INVOKING Heroism.
 27866 | Shoals:4 | 27866 ||| INVOKING Finesse.
 27873 | Shoals:4 | 27873 ||| INVOKING Heroism.
 27933 | Shoals:4 | Got a barnacled rune of Zot
 27948 | Shoals:4 | 27948 ||| INVOKING Heroism.
 27949 | Shoals:4 | 27949 ||| INVOKING Finesse.
 28017 | Shoals:4 | 28017 ||| INVOKING Heroism.
 28082 | Shoals:4 | 28082 ||| INVOKING Heroism.
 28125 | Shoals:4 | 28125 ||| INVOKING Finesse.
 28130 | Shoals:4 | 28130 ||| INVOKING Heroism.
 28163 | Shoals:4 | Killed Ilsuiw
 28164 | Shoals:4 | Reached skill level 6 in Throwing
 28181 | Shoals:4 | 28181 ||| INVOKING Heroism.
 28330 | Shoals:4 | 28330 ||| BUYING scroll of enchant armour (105 gold).
 28330 | Shoals:4 | Bought a scroll of enchant armour for 105 gold pieces
 28330 | Shoals:4 | 28330 ||| BUYING scroll of enchant armour (105 gold).
 28330 | Shoals:4 | Bought a scroll of enchant armour for 105 gold pieces
 28330 | Shoals:4 | 28330 ||| SHOPLISTING scroll of enchant armour (105 gold,
                  | have 87).
 28330 | Shoals:4 | 28330 ||| BUYING scroll of teleportation (42 gold).
 28330 | Shoals:4 | Bought a scroll of teleportation for 42 gold pieces
 28330 | Shoals:4 | 28330 ||| READING 2 scrolls of enchant armour.
 28330 | Shoals:4 | 28330 ||| ENCHANTING +3 gold dragon scales.
 28331 | Shoals:4 | 28331 ||| READING scroll of enchant armour.
 28331 | Shoals:4 | 28331 ||| ENCHANTING +4 gold dragon scales.
 28388 | Shoals:4 | 28388 ||| INVOKING Heroism.
 28402 | Shoals:4 | Received a gift from Okawaru
 28404 | Shoals:4 | 28404 ||| DROPPING +5 broad axe of electrocution.
 28406 | Shoals:4 | Identified the amulet "Loigy" {Acrobat *Corrode +Inv rF+++
                  | MP+9}
 28480 | Shoals:4 | 28480 ||| Stepping ~*~*~tactically~*~*~ (hiding).
 28482 | Shoals:4 | 28482 ||| Stepping ~*~*~tactically~*~*~ (hiding).
 28846 | Shoals:4 | 28846 ||| INVOKING Heroism.
 28884 | Shoals:4 | 28884 ||| INVOKING Heroism.
 28905 | Shoals:4 | Identified the ring "Cezemnac" {Contam rElec rPois Int+6}
 28907 | Shoals:4 | 28907 ||| UPGRADING to amulet "Loigy" {Acrobat *Corrode
                  | +Inv rF+++ MP+9}.
 28917 | Shoals:4 | 28917 ||| PLANNING VAULTS:1-4
 28955 | Shoals:4 | 28955 ||| DROPPING ring of poison resistance.
 29265 | Vaults:1 | Entered Level 1 of the Vaults
 29309 | Vaults:1 | 29309 ||| Stepping ~*~*~tactically~*~*~ (hiding).
 29564 | Vaults:1 | 29564 ||| Stepping ~*~*~tactically~*~*~ (stealth).
 29569 | Vaults:1 | 29569 ||| INVOKING Heroism.
 29621 | Vaults:1 | 29621 ||| INVOKING Heroism.
 29622 | Vaults:1 | 29622 ||| INVOKING Finesse.
 29906 | Vaults:1 | 29906 ||| INVOKING Heroism.
 29907 | Vaults:1 | 29907 ||| INVOKING Finesse.
 29918 | Vaults:1 | 29918 ||| Stepping ~*~*~tactically~*~*~ (stealth).
 29919 | Vaults:1 | 29919 ||| Stepping ~*~*~tactically~*~*~ (stealth).
 30087 | Vaults:1 | 30087 ||| Stepping ~*~*~tactically~*~*~ (hiding).
 30090 | Vaults:1 | 30090 ||| Stepping ~*~*~tactically~*~*~ (hiding).
 30094 | Vaults:1 | 30094 ||| INVOKING Heroism.
 30101 | Vaults:1 | Reached XP level 19. HP: 106/130 MP: 27/27
 30113 | Vaults:1 | Received a gift from Okawaru
 30114 | Vaults:1 | Reached skill level 9 in Throwing
 30121 | Vaults:1 | 30121 ||| INVOKING Heroism.
 30128 | Vaults:1 | 30128 ||| Stepping ~*~*~tactically~*~*~ (hiding).
 30320 | Vaults:1 | 30320 ||| INVOKING Heroism.
 30325 | Vaults:1 | Reached skill level 16 in Armour
 30333 | Vaults:1 | Received a gift from Okawaru
 30837 | Vaults:2 | 30837 ||| FLEEEEING.
 30838 | Vaults:2 | 30838 ||| FLEEEEING.
 30842 | Vaults:2 | 30842 ||| FLEEEEING.
 30845 | Vaults:2 | 30845 ||| STAIRDANCE
 30951 | Vaults:2 | 30951 ||| STAIRDANCE
 30970 | Vaults:2 | 30970 ||| STAIRDANCE
 30997 | Vaults:2 | 30997 ||| STAIRDANCE
 31150 | Vaults:2 | 31150 ||| Stepping ~*~*~tactically~*~*~ (stealth).
 31332 | Vaults:2 | Noticed Boris
 31336 | Vaults:2 | 31336 ||| INVOKING Heroism.
 31338 | Vaults:2 | 31338 ||| INVOKING Finesse.
 31350 | Vaults:2 | Killed Boris
 31370 | Vaults:2 | Received a gift from Okawaru
 31423 | Vaults:2 | 31423 ||| INVOKING Heroism.
 31424 | Vaults:2 | 31424 ||| INVOKING Finesse.
 31457 | Vaults:2 | Received a gift from Okawaru
 31647 | Vaults:2 | 31647 ||| Stepping ~*~*~tactically~*~*~ (hiding).
 31657 | Vaults:2 | 31657 ||| Stepping ~*~*~tactically~*~*~ (stealth).
 31661 | Vaults:2 | 31661 ||| INVOKING Heroism.
 31662 | Vaults:2 | 31662 ||| INVOKING Finesse.
 31728 | Vaults:2 | 31728 ||| Stepping ~*~*~tactically~*~*~ (hiding).
 31738 | Vaults:2 | 31738 ||| DRINKING 15 potions of curing.
 31738 | Vaults:2 | 31738 ||| (to cure confusion)
 31784 | Vaults:2 | 31784 ||| INVOKING Heroism.
 31912 | Vaults:2 | 31912 ||| INVOKING Heroism.
 31922 | Vaults:2 | Received a gift from Okawaru
 31935 | Vaults:2 | 31935 ||| Stepping ~*~*~tactically~*~*~ (hiding).
 31944 | Vaults:2 | 31944 ||| INVOKING Heroism.
 32070 | Vaults:2 | Found a staircase to the Crypt.
 32095 | Vaults:2 | 32095 ||| INVOKING Heroism.
 32109 | Vaults:2 | Received a gift from Okawaru
 32112 | Vaults:2 | Paralysed by a great orb of eyes for 2 turns
 32116 | Vaults:2 | Reached skill level 17 in Armour
 32250 | Vaults:2 | 32250 ||| Stepping ~*~*~tactically~*~*~ (hiding).
 32875 | Vaults:3 | Received a gift from Okawaru
 32957 | Vaults:3 | 32957 ||| FLEEEEING.
 33024 | Vaults:3 | 33024 ||| INVOKING Heroism.
 33033 | Vaults:3 | 33033 ||| Stepping ~*~*~tactically~*~*~ (hiding).
 33053 | Vaults:3 | 33053 ||| INVOKING Heroism.
 33058 | Vaults:3 | Received a gift from Okawaru
 33073 | Vaults:3 | 33073 ||| INVOKING Finesse.
 33079 | Vaults:3 | Reached XP level 20. HP: 122/139 MP: 28/28
 33188 | Vaults:3 | 33188 ||| Stepping ~*~*~tactically~*~*~ (hiding).
 33202 | Vaults:3 | Reached skill level 18 in Shields
 33403 | Vaults:3 | 33403 ||| INVOKING Heroism.
 33477 | Vaults:3 | 33477 ||| Stepping ~*~*~tactically~*~*~ (hiding).
 33480 | Vaults:3 | 33480 ||| Stepping ~*~*~tactically~*~*~ (hiding).
 33485 | Vaults:3 | Identified the +0 kite shield of Honesty {rPois rN+}
                  | (Okawaru gifted it to you on level 3 of the Vaults)
 33485 | Vaults:3 | Received a gift from Okawaru
 33566 | Vaults:3 | 33566 ||| Stepping ~*~*~tactically~*~*~ (stealth).
 33592 | Vaults:3 | Reached skill level 12 in Dodging
 33698 | Vaults:3 | 33698 ||| FLEEEEING.
 33699 | Vaults:3 | 33699 ||| FLEEEEING.
 33700 | Vaults:3 | 33700 ||| FLEEEEING.
 33706 | Vaults:3 | 33706 ||| FLEEEEING.
 33707 | Vaults:3 | 33707 ||| FLEEEEING.
 33708 | Vaults:3 | 33708 ||| FLEEEEING.
 33709 | Vaults:3 | 33709 ||| FLEEEEING.
 33720 | Vaults:3 | 33720 ||| FLEEEEING.
 33735 | Vaults:3 | 33735 ||| FLEEEEING.
 33736 | Vaults:3 | 33736 ||| FLEEEEING.
 33737 | Vaults:3 | 33737 ||| FLEEEEING.
 33738 | Vaults:3 | 33738 ||| FLEEEEING.
 33739 | Vaults:3 | 33739 ||| FLEEEEING.
 33740 | Vaults:3 | 33740 ||| FLEEEEING.
 33741 | Vaults:3 | 33741 ||| STAIRDANCE
 33843 | Vaults:2 | 33843 ||| UPGRADING to +2 cloak.
 33853 | Vaults:2 | 33853 ||| DROPPING +1 cloak.
 33856 | Vaults:3 | 33856 ||| STAIRDANCE
 33973 | Vaults:3 | 33973 ||| INVOKING Heroism.
 34209 | Vaults:3 | 34209 ||| FLEEEEING.
 34210 | Vaults:3 | 34210 ||| FLEEEEING.
 34211 | Vaults:3 | 34211 ||| FLEEEEING.
 34212 | Vaults:3 | 34212 ||| FLEEEEING.
 34213 | Vaults:3 | 34213 ||| FLEEEEING.
 34224 | Vaults:3 | 34224 ||| FLEEEEING.
 34235 | Vaults:3 | 34235 ||| FLEEEEING.
 34246 | Vaults:3 | 34246 ||| FLEEEEING.
 34257 | Vaults:3 | 34257 ||| FLEEEEING.
 34268 | Vaults:3 | 34268 ||| FLEEEEING.
 34328 | Vaults:3 | 34328 ||| Stepping ~*~*~tactically~*~*~ (stealth).
 34331 | Vaults:3 | 34331 ||| Stepping ~*~*~tactically~*~*~ (stealth).
 34333 | Vaults:3 | 34333 ||| Stepping ~*~*~tactically~*~*~ (hiding).
 34562 | Vaults:3 | 34562 ||| READING 9 scrolls of teleportation.
 34624 | Vaults:4 | 34624 ||| Stepping ~*~*~tactically~*~*~ (hiding).
 34626 | Vaults:4 | 34626 ||| Stepping ~*~*~tactically~*~*~ (hiding).
 34660 | Vaults:4 | 34660 ||| FLEEEEING.
 34661 | Vaults:4 | 34661 ||| FLEEEEING.
 34731 | Vaults:4 | 34731 ||| Stepping ~*~*~tactically~*~*~ (hiding).
 34738 | Vaults:4 | 34738 ||| INVOKING Heroism.
 34744 | Vaults:4 | Reached skill level 18 in Armour
 34786 | Vaults:4 | Identified the +4 ring mail "Buqah" {+Inv rN+ Str+2 Stlth-}
 34809 | Vaults:4 | 34809 ||| Stepping ~*~*~tactically~*~*~ (hiding).
 34811 | Vaults:4 | 34811 ||| Stepping ~*~*~tactically~*~*~ (hiding).
 34812 | Vaults:4 | 34812 ||| INVOKING Heroism.
 34883 | Vaults:4 | 34883 ||| INVOKING Heroism.
 34940 | Vaults:4 | 34940 ||| FLEEEEING.
 34941 | Vaults:4 | 34941 ||| FLEEEEING.
 34945 | Vaults:4 | 34945 ||| FLEEEEING.
 34946 | Vaults:4 | 34946 ||| FLEEEEING.
 34947 | Vaults:4 | 34947 ||| FLEEEEING.
 34948 | Vaults:4 | 34948 ||| FLEEEEING.
 34949 | Vaults:4 | 34949 ||| FLEEEEING.
 34950 | Vaults:4 | 34950 ||| FLEEEEING.
 34954 | Vaults:4 | 34954 ||| Stepping ~*~*~tactically~*~*~ (hiding).
 35132 | Vaults:4 | 35132 ||| INVOKING Heroism.
 35163 | Vaults:4 | Reached skill level 15 in Fighting
 35514 | Vaults:4 | 35514 ||| INVOKING Heroism.
 35580 | Vaults:4 | 35580 ||| INVOKING Heroism.
 35583 | Vaults:4 | 35583 ||| Stepping ~*~*~tactically~*~*~ (hiding).
 35584 | Vaults:4 | 35584 ||| Stepping ~*~*~tactically~*~*~ (hiding).
 35617 | Vaults:4 | Received a gift from Okawaru
 35699 | Vaults:4 | 35699 ||| READING 9 scrolls of teleportation.
 35797 | Vaults:4 | 35797 ||| Stepping ~*~*~tactically~*~*~ (stealth).
 35798 | Vaults:4 | 35798 ||| Stepping ~*~*~tactically~*~*~ (stealth).
 35880 | Vaults:4 | 35880 ||| Stepping ~*~*~tactically~*~*~ (hiding).
 35881 | Vaults:4 | 35881 ||| Stepping ~*~*~tactically~*~*~ (hiding).
 35884 | Vaults:4 | 35884 ||| INVOKING Heroism.
 35934 | Vaults:4 | 35934 ||| INVOKING Heroism.
 36052 | Vaults:4 | 36052 ||| Stepping ~*~*~tactically~*~*~ (hiding).
 36053 | Vaults:4 | 36053 ||| Stepping ~*~*~tactically~*~*~ (hiding).
 36213 | Vaults:4 | 36213 ||| PLANNING SNAKE:4
 36596 | Snake:4  | Entered Level 4 of the Snake Pit
 36697 | Snake:4  | 36697 ||| Stepping ~*~*~tactically~*~*~ (hiding).
 36699 | Snake:4  | 36699 ||| Stepping ~*~*~tactically~*~*~ (hiding).
 36815 | Snake:4  | 36815 ||| Stepping ~*~*~tactically~*~*~ (stealth).
 36818 | Snake:4  | 36818 ||| INVOKING Heroism.
 36854 | Snake:4  | 36854 ||| Stepping ~*~*~tactically~*~*~ (hiding).
 36856 | Snake:4  | 36856 ||| Stepping ~*~*~tactically~*~*~ (hiding).
 36898 | Snake:4  | 36898 ||| INVOKING Heroism.
 37193 | Snake:4  | Found Nubaw's Distillery.
 37197 | Snake:4  | Found a radiant altar of Vehumet.
 37205 | Snake:4  | Found Kigutu's Jewellery Shoppe.
 37205 | Snake:4  | Found Bidghoz's Antique Armour Emporium.
 37208 | Snake:4  | Found Nilix's Book Emporium.
 37210 | Snake:4  | 37210 ||| BUYING potion of curing (45 gold).
 37210 | Snake:4  | Bought a potion of curing for 45 gold pieces
 37210 | Snake:4  | 37210 ||| BUYING potion of mutation (120 gold).
 37210 | Snake:4  | Bought a potion of mutation for 120 gold pieces
 37210 | Snake:4  | 37210 ||| BUYING potion of resistance (150 gold).
 37210 | Snake:4  | Bought a potion of resistance for 150 gold pieces
 37221 | Snake:4  | 37221 ||| BUYING runed cloak (210 gold).
 37221 | Snake:4  | Bought a runed cloak for 210 gold pieces
 37227 | Snake:4  | 37227 ||| BUYING ring "Gimuh" {Dex+4 SInv} (516 gold).
 37227 | Snake:4  | Bought the ring "Gimuh" {Dex+4 SInv} for 516 gold pieces
 37227 | Snake:4  | 37227 ||| SHOPLISTING ring of the Tortoise {AC+8} (2176
                  | gold, have 42).
 37322 | Snake:4  | 37322 ||| Stepping ~*~*~tactically~*~*~ (hiding).
 37340 | Snake:4  | 37340 ||| Stepping ~*~*~tactically~*~*~ (hiding).
 37344 | Snake:4  | 37344 ||| Stepping ~*~*~tactically~*~*~ (hiding).
 37347 | Snake:4  | 37347 ||| Stepping ~*~*~tactically~*~*~ (hiding).
 37350 | Snake:4  | 37350 ||| Stepping ~*~*~tactically~*~*~ (hiding).
 37599 | Snake:4  | 37599 ||| INVOKING Heroism.
 37635 | Snake:4  | Received a gift from Okawaru
 37637 | Snake:4  | 37637 ||| INVOKING Heroism.
 37643 | Snake:4  | 37643 ||| Stepping ~*~*~tactically~*~*~ (hiding).
 37657 | Snake:4  | Reached XP level 21. HP: 45/147 MP: 29/29
 37664 | Snake:4  | HP: 36/147 [poisoned by a naga ritualist (toxic radiance)]
 37665 | Snake:4  | 37665 ||| DRINKING 2 potions of heal wounds.
 37672 | Snake:4  | HP: 36/147 [poisoned by a naga ritualist (toxic radiance)]
 37673 | Snake:4  | 37673 ||| READING 9 scrolls of teleportation.
 37674 | Snake:4  | 37674 ||| DRINKING potion of heal wounds.
 38098 | Snake:4  | 38098 ||| INVOKING Heroism.
 38125 | Snake:4  | 38125 ||| INVOKING Heroism.
 38144 | Snake:4  | Received a gift from Okawaru
 38146 | Snake:4  | 38146 ||| Stepping ~*~*~tactically~*~*~ (hiding).
 38151 | Snake:4  | 38151 ||| Stepping ~*~*~tactically~*~*~ (hiding).
 38153 | Snake:4  | 38153 ||| Stepping ~*~*~tactically~*~*~ (hiding).
 38154 | Snake:4  | 38154 ||| FLEEEEING.
 38157 | Snake:4  | 38157 ||| FLEEEEING.
 38158 | Snake:4  | 38158 ||| FLEEEEING.
 38159 | Snake:4  | 38159 ||| FLEEEEING.
 38164 | Snake:4  | 38164 ||| STAIRDANCE
 38229 | Snake:3  | 38229 ||| UPGRADING to +2 cloak of willpower.
 38239 | Snake:3  | 38239 ||| DROPPING +2 cloak.
 38240 | Snake:3  | 38240 ||| UPGRADING to ring "Gimuh" {Dex+4 SInv}.
 38242 | Snake:3  | 38242 ||| DROPPING ring of see invisible.
 38246 | Snake:4  | 38246 ||| Stepping ~*~*~tactically~*~*~ (hiding).
 38489 | Snake:4  | Got a serpentine rune of Zot
 38587 | Snake:4  | 38587 ||| PLANNING DEPTHS
 38587 | Snake:4  | 38587 ||| DROPPING ring of poison resistance.
 38588 | Snake:4  | 38588 ||| DROPPING ring "Cezemnac" {Contam rElec rPois
                  | Int+6}.
 38866 | Depths:1 | Entered Level 1 of the Depths
 38867 | Depths:1 | 38867 ||| Stepping ~*~*~tactically~*~*~ (hiding).
 38869 | Depths:1 | 38869 ||| INVOKING Heroism.
 38931 | Depths:1 | 38931 ||| INVOKING Heroism.
 38995 | Depths:1 | 38995 ||| Stepping ~*~*~tactically~*~*~ (hiding).
 39016 | Depths:1 | 39016 ||| Stepping ~*~*~tactically~*~*~ (hiding).
 39028 | Depths:1 | Noticed Boris
 39028 | Depths:1 | 39028 ||| INVOKING Heroism.
 39029 | Depths:1 | 39029 ||| INVOKING Finesse.
 39043 | Depths:1 | Killed Boris
 39083 | Depths:1 | 39083 ||| INVOKING Heroism.
 39100 | Depths:1 | 39100 ||| INVOKING Finesse.
 39113 | Depths:1 | Received a gift from Okawaru
 39410 | Depths:1 | 39410 ||| INVOKING Heroism.
 39411 | Depths:1 | 39411 ||| INVOKING Finesse.
 39535 | Depths:1 | 39535 ||| Stepping ~*~*~tactically~*~*~ (hiding).
 39695 | Depths:1 | 39695 ||| Stepping ~*~*~tactically~*~*~ (hiding).
 39778 | Depths:1 | 39778 ||| Stepping ~*~*~tactically~*~*~ (stealth).
 39791 | Depths:1 | Found Ixtioq's Book Emporium.
 39806 | Depths:1 | Identified the +9 flail of Biqeehun {freeze, rPois}
 40094 | Depths:1 | 40094 ||| INVOKING Heroism.
 40095 | Depths:1 | 40095 ||| INVOKING Finesse.
 40212 | Depths:1 | 40212 ||| INVOKING Heroism.
 40355 | Depths:1 | 40355 ||| Stepping ~*~*~tactically~*~*~ (hiding).
 40360 | Depths:1 | 40360 ||| INVOKING Heroism.
 40361 | Depths:1 | 40361 ||| INVOKING Finesse.
 40370 | Depths:1 | Reached skill level 19 in Armour
 40436 | Depths:1 | 40436 ||| DROPPING +4 ring of slaying {mikee}.
 40493 | Depths:2 | 40493 ||| Stepping ~*~*~tactically~*~*~ (hiding).
 40507 | Depths:2 | 40507 ||| Stepping ~*~*~tactically~*~*~ (hiding).
 40527 | Depths:2 | 40527 ||| Stepping ~*~*~tactically~*~*~ (stealth).
 40532 | Depths:2 | 40532 ||| Stepping ~*~*~tactically~*~*~ (stealth).
 40543 | Depths:2 | 40543 ||| Stepping ~*~*~tactically~*~*~ (hiding).
 40546 | Depths:2 | 40546 ||| INVOKING Heroism.
 40564 | Depths:2 | 40564 ||| Stepping ~*~*~tactically~*~*~ (hiding).
 40616 | Depths:2 | 40616 ||| Stepping ~*~*~tactically~*~*~ (hiding).
 40622 | Depths:2 | 40622 ||| INVOKING Heroism.
 40623 | Depths:2 | 40623 ||| INVOKING Finesse.
 40687 | Depths:2 | Received a gift from Okawaru
 40696 | Depths:2 | 40696 ||| INVOKING Heroism.
 40812 | Depths:2 | 40812 ||| Stepping ~*~*~tactically~*~*~ (stealth).
 40817 | Depths:2 | 40817 ||| Stepping ~*~*~tactically~*~*~ (hiding).
 40821 | Depths:2 | 40821 ||| INVOKING Heroism.
 40822 | Depths:2 | 40822 ||| INVOKING Finesse.
 40853 | Depths:2 | 40853 ||| Stepping ~*~*~tactically~*~*~ (hiding).
 40870 | Depths:2 | 40870 ||| READING scroll of enchant armour.
 40870 | Depths:2 | 40870 ||| ENCHANTING +5 gold dragon scales.
 40873 | Depths:2 | 40873 ||| Stepping ~*~*~tactically~*~*~ (hiding).
 40889 | Depths:2 | 40889 ||| INVOKING Heroism.
 40916 | Depths:2 | 40916 ||| INVOKING Finesse.
 40970 | Depths:2 | 40970 ||| FLEEEEING.
 40971 | Depths:2 | 40971 ||| FLEEEEING.
 40972 | Depths:2 | 40972 ||| FLEEEEING.
 40973 | Depths:2 | 40973 ||| FLEEEEING.
 40975 | Depths:2 | 40975 ||| FLEEEEING.
 40976 | Depths:2 | 40976 ||| INVOKING Heroism.
 40992 | Depths:2 | Identified the ring of Jizyfaosur {rPois rC- Will+ rCorr
                  | Int+5 Dex+6}
 41007 | Depths:2 | 41007 ||| Stepping ~*~*~tactically~*~*~ (hiding).
 41019 | Depths:2 | Received a gift from Okawaru
 41113 | Depths:2 | 41113 ||| INVOKING Heroism.
 41134 | Depths:2 | 41134 ||| Stepping ~*~*~tactically~*~*~ (stealth).
 41146 | Depths:2 | 41146 ||| Stepping ~*~*~tactically~*~*~ (stealth).
 41182 | Depths:2 | 41182 ||| Stepping ~*~*~tactically~*~*~ (stealth).
 41184 | Depths:2 | 41184 ||| Stepping ~*~*~tactically~*~*~ (hiding).
 41186 | Depths:2 | 41186 ||| INVOKING Heroism.
 41217 | Depths:2 | Found a one-way gate leading to the halls of Pandemonium.
 41219 | Depths:2 | 41219 ||| Stepping ~*~*~tactically~*~*~ (stealth).
 41229 | Depths:2 | 41229 ||| INVOKING Finesse.
 41235 | Depths:2 | Reached skill level 15 in Dodging
 41272 | Depths:2 | 41272 ||| INVOKING Heroism.
 41313 | Depths:2 | 41313 ||| Stepping ~*~*~tactically~*~*~ (stealth).
 41363 | Depths:2 | 41363 ||| Stepping ~*~*~tactically~*~*~ (stealth).
 41365 | Depths:2 | 41365 ||| Stepping ~*~*~tactically~*~*~ (hiding).
 41487 | Depths:2 | 41487 ||| Stepping ~*~*~tactically~*~*~ (hiding).
 41568 | Depths:2 | 41568 ||| INVOKING Heroism.
 41573 | Depths:2 | 41573 ||| Stepping ~*~*~tactically~*~*~ (stealth).
 41575 | Depths:2 | 41575 ||| Stepping ~*~*~tactically~*~*~ (stealth).
 41577 | Depths:2 | 41577 ||| Stepping ~*~*~tactically~*~*~ (stealth).
 41581 | Depths:2 | 41581 ||| FLEEEEING.
 41619 | Depths:2 | 41619 ||| INVOKING Heroism.
 41620 | Depths:2 | 41620 ||| INVOKING Finesse.
 41631 | Depths:2 | Reached XP level 22. HP: 156/156 MP: 30/30
 41690 | Depths:2 | 41690 ||| Stepping ~*~*~tactically~*~*~ (stealth).
 41701 | Depths:2 | 41701 ||| Stepping ~*~*~tactically~*~*~ (hiding).
 41738 | Depths:2 | Found Huife's Magic Scroll Boutique.
 41746 | Depths:2 | 41746 ||| BUYING scroll of enchant armour (165 gold).
 41746 | Depths:2 | Bought a scroll of enchant armour for 165 gold pieces
 41746 | Depths:2 | 41746 ||| READING scroll of enchant armour.
 41746 | Depths:2 | 41746 ||| ENCHANTING +6 gold dragon scales.
 41754 | Depths:2 | 41754 ||| INVOKING Heroism.
 41831 | Depths:2 | 41831 ||| Stepping ~*~*~tactically~*~*~ (stealth).
 41842 | Depths:2 | Received a gift from Okawaru
 41996 | Depths:2 | 41996 ||| INVOKING Heroism.
 41997 | Depths:2 | 41997 ||| INVOKING Finesse.
 42000 | Depths:2 | Noticed Nikola
 42001 | Depths:2 | 42001 ||| Stepping ~*~*~tactically~*~*~ (hiding).
 42016 | Depths:2 | Killed Nikola
 42025 | Depths:2 | Reached skill level 12 in Throwing
 42034 | Depths:2 | 42034 ||| Stepping ~*~*~tactically~*~*~ (stealth).
 42043 | Depths:2 | 42043 ||| Stepping ~*~*~tactically~*~*~ (hiding).
 42251 | Depths:2 | 42251 ||| DROPPING +10 chain mail "Tohytwu" {Will+}.
 42252 | Depths:2 | 42252 ||| DROPPING +1 cloak.
 42253 | Depths:2 | 42253 ||| DROPPING +2 hat.
 42254 | Depths:2 | 42254 ||| UPGRADING to +2 pair of gloves of stealth.
 42264 | Depths:2 | 42264 ||| DROPPING +1 pair of gloves.
 42312 | Depths:3 | 42312 ||| Stepping ~*~*~tactically~*~*~ (hiding).
 42315 | Depths:3 | 42315 ||| Stepping ~*~*~tactically~*~*~ (hiding).
 42316 | Depths:3 | 42316 ||| Stepping ~*~*~tactically~*~*~ (hiding).
 42361 | Depths:3 | Found a one-way gate to the infinite horrors of the Abyss.
 42389 | Depths:3 | 42389 ||| READING 9 scrolls of teleportation.
 42393 | Depths:3 | 42393 ||| INVOKING Heroism.
 42394 | Depths:3 | 42394 ||| INVOKING Finesse.
 42452 | Depths:3 | 42452 ||| Stepping ~*~*~tactically~*~*~ (stealth).
 42467 | Depths:3 | Received a gift from Okawaru
 42561 | Depths:3 | You are sucked into a shaft and drop 1 floor!
 42561 | Depths:4 | Entered Level 4 of the Depths
 42582 | Depths:4 | Found Ytixaner's Distillery.
 42590 | Depths:4 | 42590 ||| BUYING potion of cancellation (128 gold).
 42590 | Depths:4 | Bought a potion of cancellation for 128 gold pieces
 42590 | Depths:4 | 42590 ||| BUYING potion of curing (48 gold).
 42590 | Depths:4 | Bought a potion of curing for 48 gold pieces
 42590 | Depths:4 | 42590 ||| BUYING potion of haste (160 gold).
 42590 | Depths:4 | Bought a potion of haste for 160 gold pieces
 42590 | Depths:4 | 42590 ||| BUYING potion of heal wounds (80 gold).
 42590 | Depths:4 | Bought a potion of heal wounds for 80 gold pieces
 42590 | Depths:4 | 42590 ||| SHOPLISTING potion of heal wounds (80 gold, have
                  | 51).
 42590 | Depths:4 | 42590 ||| SHOPLISTING potion of might (64 gold, have 51).
 42590 | Depths:4 | 42590 ||| SHOPLISTING potion of mutation (128 gold, have
                  | 51).
 42620 | Depths:4 | Noticed a juggernaut
 42622 | Depths:4 | 42622 ||| INVOKING Heroism.
 42623 | Depths:4 | 42623 ||| INVOKING Finesse.
 42633 | Depths:4 | Killed a juggernaut
 42646 | Depths:4 | 42646 ||| Stepping ~*~*~tactically~*~*~ (hiding).
 42653 | Depths:4 | 42653 ||| INVOKING Heroism.
 42657 | Depths:4 | Reached skill level 20 in Armour
 42701 | Depths:4 | Found a gate to the Realm of Zot.
 42701 | Depths:4 | Noticed a juggernaut
 42714 | Depths:4 | Killed a juggernaut
 42777 | Depths:4 | Found a one-way gateway to a ziggurat.
 42950 | Depths:3 | 42950 ||| INVOKING Heroism.
 42951 | Depths:3 | 42951 ||| INVOKING Finesse.
 43008 | Depths:3 | 43008 ||| Stepping ~*~*~tactically~*~*~ (stealth).
 43009 | Depths:3 | 43009 ||| Stepping ~*~*~tactically~*~*~ (stealth).
 43010 | Depths:3 | 43010 ||| Stepping ~*~*~tactically~*~*~ (stealth).
 43016 | Depths:3 | 43016 ||| INVOKING Heroism.
 43281 | Depths:3 | 43281 ||| Stepping ~*~*~tactically~*~*~ (stealth).
 43287 | Depths:3 | 43287 ||| Stepping ~*~*~tactically~*~*~ (stealth).
 43289 | Depths:3 | 43289 ||| Stepping ~*~*~tactically~*~*~ (stealth).
 43290 | Depths:3 | 43290 ||| INVOKING Heroism.
 43307 | Depths:3 | Received a gift from Okawaru
 43351 | Depths:3 | 43351 ||| INVOKING Heroism.
 43585 | Depths:3 | Found a runed translucent door.
 43620 | Depths:3 | 43620 ||| Stepping ~*~*~tactically~*~*~ (hiding).
 43625 | Depths:3 | 43625 ||| INVOKING Heroism.
 43644 | Depths:3 | Received a gift from Okawaru
 43729 | Depths:3 | Found a runed translucent door.
 43729 | Depths:3 | Noticed an ancient lich
 43734 | Depths:3 | 43734 ||| READING 8 scrolls of teleportation.
 43831 | Depths:4 | 43831 ||| Stepping ~*~*~tactically~*~*~ (hiding).
 43843 | Depths:4 | 43843 ||| Stepping ~*~*~tactically~*~*~ (hiding).
 43844 | Depths:4 | 43844 ||| Stepping ~*~*~tactically~*~*~ (hiding).
 43864 | Depths:4 | Found an ancient bone altar of Kikubaaqudgha.
 43952 | Depths:4 | 43952 ||| FLEEEEING.
 43953 | Depths:4 | 43953 ||| FLEEEEING.
 43954 | Depths:4 | 43954 ||| FLEEEEING.
 43955 | Depths:4 | 43955 ||| FLEEEEING.
 43956 | Depths:4 | 43956 ||| FLEEEEING.
 43959 | Depths:4 | 43959 ||| FLEEEEING.
 43960 | Depths:4 | 43960 ||| FLEEEEING.
 43961 | Depths:4 | 43961 ||| FLEEEEING.
 43962 | Depths:4 | 43962 ||| FLEEEEING.
 43963 | Depths:4 | 43963 ||| STAIRDANCE
 44115 | Depths:4 | 44115 ||| STAIRDANCE
 44120 | Depths:3 | 44120 ||| INVOKING Heroism.
 44508 | Depths:4 | 44508 ||| PLANNING VAULTS:5
 44745 | Vaults:5 | Entered Level 5 of the Vaults
 44746 | Vaults:5 | 44746 ||| STAIRDANCE
 44758 | Vaults:5 | Noticed a dread lich
 44759 | Vaults:5 | 44759 ||| STAIRDANCE
 44761 | Vaults:4 | 44761 ||| INVOKING Heroism.
 44765 | Vaults:4 | Received a gift from Okawaru
 44825 | Vaults:5 | 44825 ||| STAIRDANCE
 44827 | Vaults:4 | 44827 ||| INVOKING Heroism.
 44877 | Vaults:5 | 44877 ||| STAIRDANCE
 44879 | Vaults:4 | 44879 ||| INVOKING Finesse.
 44915 | Vaults:5 | 44915 ||| STAIRDANCE
 44917 | Vaults:4 | 44917 ||| INVOKING Heroism.
 44922 | Vaults:4 | Reached XP level 23. HP: 162/165 MP: 31/31
 44922 | Vaults:4 | 44922 ||| INVOKING Finesse.
 44931 | Vaults:4 | Paralysed by a dread lich for 2 turns
 44937 | Vaults:4 | 44937 ||| DRINKING 3 potions of resistance.
 44940 | Vaults:4 | Killed a dread lich
 44968 | Vaults:5 | 44968 ||| STAIRDANCE
 45084 | Vaults:5 | 45084 ||| STAIRDANCE
 45086 | Vaults:4 | 45086 ||| INVOKING Heroism.
 45119 | Vaults:5 | Reached skill level 18 in Fighting
 45123 | Vaults:5 | 45123 ||| INVOKING Finesse.
 45132 | Vaults:5 | 45132 ||| STAIRDANCE
 45165 | Vaults:5 | 45165 ||| STAIRDANCE
 45288 | Vaults:5 | 45288 ||| STAIRDANCE
 45296 | Vaults:4 | Received a gift from Okawaru
 45421 | Vaults:5 | 45421 ||| STAIRDANCE
 45423 | Vaults:4 | 45423 ||| INVOKING Heroism.
 45424 | Vaults:4 | 45424 ||| INVOKING Finesse.
 45503 | Vaults:5 | 45503 ||| STAIRDANCE
 45505 | Vaults:4 | 45505 ||| INVOKING Heroism.
 45506 | Vaults:4 | 45506 ||| INVOKING Finesse.
 45543 | Vaults:5 | 45543 ||| STAIRDANCE
 45559 | Vaults:5 | 45559 ||| STAIRDANCE
 45561 | Vaults:4 | 45561 ||| INVOKING Heroism.
 45616 | Vaults:5 | 45616 ||| INVOKING Heroism.
 45627 | Vaults:5 | HP: 29/164 [fire giant/+0 great sword of flaming (24)]
 45628 | Vaults:5 | 45628 ||| READING 7 scrolls of teleportation.
 45629 | Vaults:5 | 45629 ||| DRINKING 4 potions of heal wounds.
 45630 | Vaults:5 | 45630 ||| DRINKING 3 potions of heal wounds.
 45631 | Vaults:5 | 45631 ||| DRINKING 2 potions of heal wounds.
 45632 | Vaults:5 | 45632 ||| STAIRDANCE
 45685 | Vaults:5 | Noticed Sojobo
 45686 | Vaults:5 | 45686 ||| Stepping ~*~*~tactically~*~*~ (stealth).
 45687 | Vaults:5 | 45687 ||| INVOKING Heroism.
 45688 | Vaults:5 | 45688 ||| INVOKING Finesse.
 45711 | Vaults:5 | Killed Sojobo
 45748 | Vaults:5 | 45748 ||| Stepping ~*~*~tactically~*~*~ (stealth).
 45757 | Vaults:5 | 45757 ||| Stepping ~*~*~tactically~*~*~ (stealth).
 45777 | Vaults:5 | 45777 ||| Stepping ~*~*~tactically~*~*~ (hiding).
 45821 | Vaults:5 | 45821 ||| INVOKING Heroism.
 45822 | Vaults:5 | 45822 ||| INVOKING Finesse.
 45824 | Vaults:5 | 45824 ||| Stepping ~*~*~tactically~*~*~ (hiding).
 45850 | Vaults:5 | 45850 ||| Stepping ~*~*~tactically~*~*~ (stealth).
 45852 | Vaults:5 | 45852 ||| Stepping ~*~*~tactically~*~*~ (hiding).
 45881 | Vaults:5 | 45881 ||| INVOKING Heroism.
 45896 | Vaults:5 | 45896 ||| Stepping ~*~*~tactically~*~*~ (hiding).
 45899 | Vaults:5 | 45899 ||| Stepping ~*~*~tactically~*~*~ (hiding).
 45906 | Vaults:5 | 45906 ||| Stepping ~*~*~tactically~*~*~ (hiding).
 45912 | Vaults:5 | Received a gift from Okawaru
 45919 | Vaults:5 | 45919 ||| Stepping ~*~*~tactically~*~*~ (hiding).
 45948 | Vaults:5 | 45948 ||| Stepping ~*~*~tactically~*~*~ (stealth).
 45949 | Vaults:5 | 45949 ||| Stepping ~*~*~tactically~*~*~ (stealth).
 45959 | Vaults:5 | 45959 ||| Stepping ~*~*~tactically~*~*~ (hiding).
 45967 | Vaults:5 | 45967 ||| Stepping ~*~*~tactically~*~*~ (hiding).
 45975 | Vaults:5 | 45975 ||| Stepping ~*~*~tactically~*~*~ (hiding).
 45976 | Vaults:5 | 45976 ||| Stepping ~*~*~tactically~*~*~ (hiding).
 45977 | Vaults:5 | 45977 ||| Stepping ~*~*~tactically~*~*~ (hiding).
 45981 | Vaults:5 | 45981 ||| INVOKING Heroism.
 46059 | Vaults:5 | 46059 ||| INVOKING Heroism.
 46101 | Vaults:5 | 46101 ||| Stepping ~*~*~tactically~*~*~ (stealth).
 46102 | Vaults:5 | 46102 ||| Stepping ~*~*~tactically~*~*~ (stealth).
 46104 | Vaults:5 | 46104 ||| INVOKING Heroism.
 46138 | Vaults:5 | 46138 ||| Stepping ~*~*~tactically~*~*~ (hiding).
 46153 | Vaults:5 | 46153 ||| Stepping ~*~*~tactically~*~*~ (stealth).
 46198 | Vaults:5 | 46198 ||| INVOKING Heroism.
 46201 | Vaults:5 | Reached skill level 21 in Armour
 46205 | Vaults:5 | 46205 ||| Stepping ~*~*~tactically~*~*~ (hiding).
 46225 | Vaults:5 | 46225 ||| Stepping ~*~*~tactically~*~*~ (stealth).
 46234 | Vaults:5 | 46234 ||| Stepping ~*~*~tactically~*~*~ (stealth).
 46235 | Vaults:5 | 46235 ||| Stepping ~*~*~tactically~*~*~ (stealth).
 46289 | Vaults:5 | 46289 ||| Stepping ~*~*~tactically~*~*~ (stealth).
 46310 | Vaults:5 | 46310 ||| INVOKING Heroism.
 46445 | Vaults:5 | Noticed Boris
 46447 | Vaults:5 | 46447 ||| Stepping ~*~*~tactically~*~*~ (hiding).
 46449 | Vaults:5 | 46449 ||| INVOKING Heroism.
 46462 | Vaults:5 | Killed Boris
 46533 | Vaults:5 | Identified the +9 rapier of the Unliving {speed, *Noise
                  | rN++}
 46540 | Vaults:5 | 46540 ||| Stepping ~*~*~tactically~*~*~ (hiding).
 46908 | Vaults:5 | 46908 ||| Stepping ~*~*~tactically~*~*~ (hiding).
 46930 | Vaults:5 | 46930 ||| INVOKING Heroism.
 46931 | Vaults:5 | 46931 ||| INVOKING Finesse.
 46942 | Vaults:5 | Received a gift from Okawaru
 46972 | Vaults:5 | Noticed a dread lich
 46973 | Vaults:5 | 46973 ||| Stepping ~*~*~tactically~*~*~ (hiding).
 46974 | Vaults:5 | 46974 ||| Stepping ~*~*~tactically~*~*~ (hiding).
 46975 | Vaults:5 | 46975 ||| Stepping ~*~*~tactically~*~*~ (hiding).
 46981 | Vaults:5 | 46981 ||| Stepping ~*~*~tactically~*~*~ (hiding).
 46981 | Vaults:5 | Paralysed by a dread lich for 3 turns
 46986 | Vaults:5 | 46986 ||| INVOKING Heroism.
 46996 | Vaults:5 | Paralysed by a dread lich for 2 turns
 47005 | Vaults:5 | Killed a dread lich
 47035 | Vaults:5 | Got a silver rune of Zot
 47046 | Vaults:5 | 47046 ||| Stepping ~*~*~tactically~*~*~ (hiding).
 47115 | Vaults:5 | 47115 ||| INVOKING Heroism.
 47123 | Vaults:5 | Received a gift from Okawaru
 47180 | Vaults:5 | 47180 ||| PLANNING SHOPPING SPREE
 47180 | Vaults:5 | 47180 ||| DROPPING +0 cloak of willpower.
 47443 | Orc:2    | 47443 ||| BUYING potion of curing (42 gold).
 47443 | Orc:2    | Bought a potion of curing for 42 gold pieces
 47443 | Orc:2    | 47443 ||| BUYING potion of heal wounds (70 gold).
 47443 | Orc:2    | Bought a potion of heal wounds for 70 gold pieces
 47443 | Orc:2    | 47443 ||| BUYING potion of heal wounds (70 gold).
 47443 | Orc:2    | Bought a potion of heal wounds for 70 gold pieces
 47443 | Orc:2    | 47443 ||| BUYING potion of heal wounds (70 gold).
 47443 | Orc:2    | Bought a potion of heal wounds for 70 gold pieces
 47656 | Depths:4 | 47656 ||| BUYING potion of heal wounds (80 gold).
 47656 | Depths:4 | Bought a potion of heal wounds for 80 gold pieces
 47656 | Depths:4 | 47656 ||| BUYING potion of might (64 gold).
 47656 | Depths:4 | Bought a potion of might for 64 gold pieces
 47656 | Depths:4 | 47656 ||| BUYING potion of might (64 gold).
 47656 | Depths:4 | Bought a potion of might for 64 gold pieces
 47656 | Depths:4 | 47656 ||| BUYING potion of mutation (128 gold).
 47656 | Depths:4 | Bought a potion of mutation for 128 gold pieces
 48005 | Shoals:4 | 48005 ||| BUYING scroll of enchant armour (105 gold).
 48005 | Shoals:4 | Bought a scroll of enchant armour for 105 gold pieces
 48005 | Shoals:4 | 48005 ||| READING scroll of enchant armour.
 48005 | Shoals:4 | 48005 ||| ENCHANTING +7 gold dragon scales.
 48299 | Orc:2    | 48299 ||| BUYING ring of Kaaxoeckul {Str+5 Slay+4} (1337
                  | gold).
 48299 | Orc:2    | Bought the ring of Kaaxoeckul {Str+5 Slay+4} for 1337 gold
                  | pieces
 48299 | Orc:2    | 48299 ||| UPGRADING to ring of Kaaxoeckul {Str+5 Slay+4}.
 48301 | Orc:2    | 48301 ||| DROPPING ring of protection from fire.
 48302 | Orc:2    | 48302 ||| DROPPING +4 ring of evasion.
 48303 | Orc:2    | 48303 ||| UPGRADING to ring "Gimuh" {Dex+4 SInv}.
 48305 | Orc:2    | 48305 ||| CLEARING SHOPPING LIST
 48305 | Orc:2    | 48305 ||| PLANNING ZOT:1-4
 48305 | Orc:2    | 48305 ||| READING 7 scrolls of teleportation.
 48533 | Zot:1    | Entered Level 1 of the Realm of Zot
 48534 | Zot:1    | 48534 ||| INVOKING Heroism.
 48559 | Zot:1    | 48559 ||| Stepping ~*~*~tactically~*~*~ (hiding).
 48590 | Zot:1    | 48590 ||| INVOKING Heroism.
 48601 | Zot:1    | 48601 ||| Stepping ~*~*~tactically~*~*~ (hiding).
 48679 | Zot:1    | 48679 ||| INVOKING Heroism.
 48688 | Zot:1    | 48688 ||| Stepping ~*~*~tactically~*~*~ (hiding).
 48819 | Zot:1    | Noticed a golden dragon
 48820 | Zot:1    | 48820 ||| INVOKING Heroism.
 48829 | Zot:1    | Killed a golden dragon
 48873 | Zot:1    | Received a gift from Okawaru
 48885 | Zot:1    | Noticed a Killer Klown
 48885 | Zot:1    | Noticed an orb of fire
 48890 | Zot:1    | 48890 ||| INVOKING Heroism.
 48901 | Zot:1    | Killed an orb of fire
 48906 | Zot:1    | Killed a Killer Klown
 48935 | Zot:1    | Reached XP level 24. HP: 150/172 MP: 31/31
 48936 | Zot:1    | 48936 ||| INVOKING Heroism.
 48942 | Zot:1    | Reached skill level 18 in Dodging
 48987 | Zot:1    | 48987 ||| INVOKING Heroism.
 49118 | Zot:1    | 49118 ||| Stepping ~*~*~tactically~*~*~ (hiding).
 49210 | Zot:1    | 49210 ||| INVOKING Heroism.
 49220 | Zot:1    | Received a gift from Okawaru
 49320 | Zot:1    | Noticed a curse toe
 49321 | Zot:1    | 49321 ||| INVOKING Heroism.
 49337 | Zot:1    | Killed a curse toe
 49337 | Zot:1    | Received a gift from Okawaru
 49543 | Zot:1    | 49543 ||| Stepping ~*~*~tactically~*~*~ (hiding).
 49801 | Zot:1    | Received a gift from Okawaru
 49831 | Zot:1    | 49831 ||| INVOKING Heroism.
 49861 | Zot:1    | HP: 41/173 [yellow draconian annihilator/poison arrow[a red
                  | draconian scorcher] (21)]
 49862 | Zot:1    | 49862 ||| READING 6 scrolls of teleportation.
 49863 | Zot:1    | 49863 ||| DRINKING 6 potions of heal wounds.
 49864 | Zot:1    | 49864 ||| DRINKING 5 potions of heal wounds.
 50077 | Zot:1    | 50077 ||| INVOKING Heroism.
 50087 | Zot:1    | 50087 ||| DROPPING boomerang of dispersal.
 50088 | Zot:1    | 50088 ||| DROPPING 16 boomerangs.
 50115 | Zot:1    | 50115 ||| Stepping ~*~*~tactically~*~*~ (hiding).
 50282 | Zot:1    | 50282 ||| INVOKING Heroism.
 50714 | Zot:1    | 50714 ||| DROPPING scarf of shadows.
 50736 | Zot:2    | 50736 ||| Stepping ~*~*~tactically~*~*~ (hiding).
 50738 | Zot:2    | 50738 ||| Stepping ~*~*~tactically~*~*~ (hiding).
 50740 | Zot:2    | 50740 ||| INVOKING Heroism.
 50798 | Zot:2    | 50798 ||| Stepping ~*~*~tactically~*~*~ (hiding).
 50802 | Zot:2    | 50802 ||| INVOKING Heroism.
 50827 | Zot:2    | 50827 ||| Stepping ~*~*~tactically~*~*~ (hiding).
 50838 | Zot:2    | 50838 ||| Stepping ~*~*~tactically~*~*~ (stealth).
 50841 | Zot:2    | 50841 ||| Stepping ~*~*~tactically~*~*~ (stealth).
 50848 | Zot:2    | 50848 ||| INVOKING Heroism.
 50869 | Zot:2    | 50869 ||| Stepping ~*~*~tactically~*~*~ (hiding).
 50872 | Zot:2    | 50872 ||| Stepping ~*~*~tactically~*~*~ (hiding).
 50919 | Zot:2    | 50919 ||| INVOKING Heroism.
 51024 | Zot:2    | 51024 ||| Stepping ~*~*~tactically~*~*~ (stealth).
 51035 | Zot:2    | 51035 ||| INVOKING Heroism.
 51050 | Zot:2    | 51050 ||| DRINKING 2 potions of cancellation.
 51069 | Zot:2    | HP: 37/176 [yellow draconian annihilator/glob of acid (16)]
 51070 | Zot:2    | 51070 ||| DRINKING 4 potions of heal wounds.
 51077 | Zot:2    | HP: 38/176 [yellow draconian knight/glob of acid (27)]
 51078 | Zot:2    | 51078 ||| DRINKING potion of cancellation.
 51079 | Zot:2    | 51079 ||| READING 5 scrolls of teleportation.
 51080 | Zot:2    | 51080 ||| DRINKING 3 potions of heal wounds.
 51082 | Zot:2    | 51082 ||| DRINKING 2 potions of heal wounds.
 51083 | Zot:2    | HP: 39/176 [acid (7)]
 51084 | Zot:2    | 51084 ||| DRINKING potion of heal wounds.
 51090 | Zot:2    | HP: 35/176 [black draconian knight/bolt of cold[a red
                  | draconian scorcher] (12)]
 51092 | Zot:2    | 51092 ||| FLEEEEING.
 51093 | Zot:2    | 51093 ||| FLEEEEING.
 51094 | Zot:2    | 51094 ||| FLEEEEING.
 51101 | Zot:2    | 51101 ||| INVOKING Heroism.
 51105 | Zot:2    | Reached skill level 22 in Armour
 51127 | Zot:2    | 51127 ||| FLEEEEING.
 51141 | Zot:2    | 51141 ||| FLEEEEING.
 51144 | Zot:2    | 51144 ||| FLEEEEING.
 51156 | Zot:2    | 51156 ||| FLEEEEING.
 51157 | Zot:2    | 51157 ||| FLEEEEING.
 51170 | Zot:2    | 51170 ||| Stepping ~*~*~tactically~*~*~ (stealth).
 51171 | Zot:2    | 51171 ||| INVOKING Heroism.
 51265 | Zot:2    | 51265 ||| FLEEEEING.
 51269 | Zot:2    | 51269 ||| FLEEEEING.
 51271 | Zot:2    | 51271 ||| FLEEEEING.
 51276 | Zot:2    | 51276 ||| FLEEEEING.
 51283 | Zot:2    | 51283 ||| STAIRDANCE
 51302 | Zot:2    | 51302 ||| INVOKING Heroism.
 51322 | Zot:2    | Received a gift from Okawaru
 51351 | Zot:2    | 51351 ||| READING 4 scrolls of teleportation.
 51362 | Zot:2    | 51362 ||| FLEEEEING.
 51363 | Zot:2    | 51363 ||| FLEEEEING.
 51364 | Zot:2    | 51364 ||| FLEEEEING.
 51365 | Zot:2    | 51365 ||| FLEEEEING.
 51366 | Zot:2    | 51366 ||| FLEEEEING.
 51367 | Zot:2    | 51367 ||| FLEEEEING.
 51368 | Zot:2    | 51368 ||| FLEEEEING.
 51369 | Zot:2    | 51369 ||| FLEEEEING.
 51373 | Zot:2    | 51373 ||| FLEEEEING.
 51374 | Zot:2    | 51374 ||| FLEEEEING.
 51375 | Zot:2    | 51375 ||| FLEEEEING.
 51376 | Zot:2    | 51376 ||| FLEEEEING.
 51377 | Zot:2    | 51377 ||| FLEEEEING.
 51378 | Zot:2    | 51378 ||| FLEEEEING.
 51379 | Zot:2    | 51379 ||| FLEEEEING.
 51380 | Zot:2    | 51380 ||| FLEEEEING.
 51381 | Zot:2    | 51381 ||| STAIRDANCE
 51553 | Zot:2    | 51553 ||| INVOKING Heroism.
 51632 | Zot:2    | 51632 ||| Stepping ~*~*~tactically~*~*~ (stealth).
 51636 | Zot:2    | 51636 ||| Stepping ~*~*~tactically~*~*~ (hiding).
 51637 | Zot:2    | 51637 ||| Stepping ~*~*~tactically~*~*~ (hiding).
 51638 | Zot:2    | 51638 ||| Stepping ~*~*~tactically~*~*~ (hiding).
 51650 | Zot:2    | 51650 ||| FLEEEEING.
 51651 | Zot:2    | 51651 ||| FLEEEEING.
 51652 | Zot:2    | 51652 ||| FLEEEEING.
 51653 | Zot:2    | 51653 ||| FLEEEEING.
 51654 | Zot:2    | 51654 ||| FLEEEEING.
 51655 | Zot:2    | 51655 ||| FLEEEEING.
 51657 | Zot:2    | 51657 ||| FLEEEEING.
 51658 | Zot:2    | 51658 ||| FLEEEEING.
 51659 | Zot:2    | 51659 ||| FLEEEEING.
 51660 | Zot:2    | 51660 ||| FLEEEEING.
 51661 | Zot:2    | 51661 ||| FLEEEEING.
 51662 | Zot:2    | 51662 ||| FLEEEEING.
 51663 | Zot:2    | 51663 ||| FLEEEEING.
 51664 | Zot:2    | 51664 ||| FLEEEEING.
 51665 | Zot:2    | 51665 ||| FLEEEEING.
 51666 | Zot:2    | 51666 ||| FLEEEEING.
 51667 | Zot:2    | 51667 ||| FLEEEEING.
 51670 | Zot:2    | 51670 ||| FLEEEEING.
 51671 | Zot:2    | 51671 ||| FLEEEEING.
 51672 | Zot:2    | 51672 ||| FLEEEEING.
 51673 | Zot:2    | 51673 ||| FLEEEEING.
 51674 | Zot:2    | 51674 ||| FLEEEEING.
 51675 | Zot:2    | 51675 ||| FLEEEEING.
 51676 | Zot:2    | 51676 ||| FLEEEEING.
 51716 | Zot:2    | Received a gift from Okawaru
 51754 | Zot:2    | 51754 ||| FLEEEEING.
 51756 | Zot:2    | 51756 ||| Stepping ~*~*~tactically~*~*~ (hiding).
 51757 | Zot:2    | 51757 ||| Stepping ~*~*~tactically~*~*~ (hiding).
 51765 | Zot:2    | Reached XP level 25. HP: 170/181 MP: 31/31
 51833 | Zot:2    | 51833 ||| Stepping ~*~*~tactically~*~*~ (stealth).
 51835 | Zot:2    | 51835 ||| Stepping ~*~*~tactically~*~*~ (stealth).
 51858 | Zot:2    | 51858 ||| INVOKING Heroism.
 51859 | Zot:2    | 51859 ||| INVOKING Finesse.
 52022 | Zot:2    | 52022 ||| Stepping ~*~*~tactically~*~*~ (stealth).
 52481 | Zot:2    | 52481 ||| DROPPING 2 boomerangs.
 52706 | Zot:3    | 52706 ||| INVOKING Heroism.
 52848 | Zot:3    | 52848 ||| Stepping ~*~*~tactically~*~*~ (stealth).
 52850 | Zot:3    | 52850 ||| Stepping ~*~*~tactically~*~*~ (stealth).
 52851 | Zot:3    | Received a gift from Okawaru
 52852 | Zot:3    | 52852 ||| Stepping ~*~*~tactically~*~*~ (stealth).
 52867 | Zot:3    | 52867 ||| Stepping ~*~*~tactically~*~*~ (stealth).
 52881 | Zot:3    | 52881 ||| Stepping ~*~*~tactically~*~*~ (stealth).
 52897 | Zot:3    | 52897 ||| Stepping ~*~*~tactically~*~*~ (stealth).
 52984 | Zot:3    | 52984 ||| INVOKING Heroism.
 52994 | Zot:3    | Found a shadowy altar of Dithmenos.
 53015 | Zot:3    | 53015 ||| Stepping ~*~*~tactically~*~*~ (stealth).
 53023 | Zot:3    | 53023 ||| Stepping ~*~*~tactically~*~*~ (hiding).
 53065 | Zot:3    | 53065 ||| INVOKING Heroism.
 53356 | Zot:3    | Received a gift from Okawaru
 53369 | Zot:3    | 53369 ||| FLEEEEING.
 53370 | Zot:3    | 53370 ||| FLEEEEING.
 53371 | Zot:3    | 53371 ||| FLEEEEING.
 53372 | Zot:3    | 53372 ||| FLEEEEING.
 53393 | Zot:3    | 53393 ||| INVOKING Heroism.
 53398 | Zot:3    | Noticed a Killer Klown
 53398 | Zot:3    | 53398 ||| INVOKING Finesse.
 53409 | Zot:3    | Killed a Killer Klown
 53578 | Zot:3    | Found a glowing golden altar of the Shining One.
 53898 | Zot:3    | Received a gift from Okawaru
 53915 | Zot:3    | 53915 ||| INVOKING Heroism.
 53922 | Zot:3    | Noticed an orb of fire
 53923 | Zot:3    | 53923 ||| INVOKING Finesse.
 53938 | Zot:3    | Gained mutation: Your magical capacity is low. (-10% MP)
                  | [an orb of fire]
 53940 | Zot:3    | Gained mutation: You sometimes lose your temper in combat.
                  | [an orb of fire]
 53971 | Zot:3    | Killed an orb of fire
 54065 | Zot:3    | 54065 ||| DRINKING 11 potions of mutation.
 54065 | Zot:3    | Lost mutation: You have sharp fingernails. [potion of
                  | mutation]
 54065 | Zot:3    | Lost mutation: Your magical capacity is low. (-10% MP)
                  | [potion of mutation]
 54065 | Zot:3    | Lost mutation: You are robust. (+10% HP) [potion of
                  | mutation]
 54065 | Zot:3    | Gained mutation: You are frail. (-10% HP) [potion of
                  | mutation]
 54065 | Zot:3    | Gained mutation: You are very agile. (Dex +8, Str/Int -2)
                  | [potion of mutation]
 54066 | Zot:3    | 54066 ||| DRINKING 10 potions of mutation.
 54066 | Zot:3    | Lost mutation: You sometimes lose your temper in combat.
                  | [potion of mutation]
 54066 | Zot:3    | Lost mutation: Your natural rate of healing is unusually
                  | fast. [potion of mutation]
 54066 | Zot:3    | Gained mutation: You have supernaturally acute eyesight.
                  | (SInv) [potion of mutation]
 54067 | Zot:3    | 54067 ||| DRINKING 9 potions of mutation.
 54067 | Zot:3    | Lost mutation: You are very agile. (Dex +8, Str/Int -2)
                  | [potion of mutation]
 54067 | Zot:3    | Lost mutation: You have supernaturally acute eyesight.
                  | (SInv) [potion of mutation]
 54067 | Zot:3    | Lost mutation: You are frail. (-10% HP) [potion of
                  | mutation]
 54067 | Zot:3    | Gained mutation: You are resistant to electric shocks.
                  | (rElec) [potion of mutation]
 54067 | Zot:3    | Gained mutation: You are weak. (Str -2) [potion of
                  | mutation]
 54067 | Zot:3    | Gained mutation: You are robust. (+10% HP) [potion of
                  | mutation]
 54219 | Zot:3    | 54219 ||| READING 3 scrolls of teleportation.
 54359 | Zot:4    | 54359 ||| Stepping ~*~*~tactically~*~*~ (hiding).
 54369 | Zot:4    | Reached ****** piety under Okawaru
 54464 | Zot:4    | Received a gift from Okawaru
 54469 | Zot:4    | 54469 ||| INVOKING Heroism.
 54491 | Zot:4    | Received a gift from Okawaru
 54504 | Zot:4    | 54504 ||| INVOKING Heroism.
 54513 | Zot:4    | Reached skill level 21 in Shields
 54606 | Zot:4    | 54606 ||| INVOKING Heroism.
 54800 | Zot:4    | 54800 ||| Stepping ~*~*~tactically~*~*~ (hiding).
 54808 | Zot:4    | 54808 ||| INVOKING Heroism.
 54881 | Zot:4    | HP: 45/185 [green draconian/+0 glaive[a yellow draconian
                  | annihilator] (15)]
 54882 | Zot:4    | 54882 ||| READING 2 scrolls of teleportation.
 54883 | Zot:4    | 54883 ||| DRINKING potion of heal wounds.
 54884 | Zot:4    | 54884 ||| INVOKING Heroism.
 54888 | Zot:4    | HP: 17/185 [red draconian/+0 halberd[a green draconian
                  | monk] (11)]
 54895 | Zot:4    | HP: 10/185 [green draconian monk (3)]
 54895 | Zot:4    | HP: 1/185 [yellow draconian annihilator/glob of acid (9)]
 54895 | Zot:4    | Slain by a green draconian

Levels and vault maps discovered:
D:1:      wander_arrival_lonely_grave, layout_basic,
          hellmonk_ecumenical_altar_leap_of_faith
D:2:      layout_rooms, basic_altar
D:3:      layout_rooms, serial_shops, shop, uniq_grinder
D:4:      layout_basic, minmay_temple_entry_tees, grunt_decor_arrowhead,
          uniq_sigmund
D:5:      minmay_angry_zag, layout_basic, dreamdust_princess_corridor,
          chequers_serial_rivers_small_3
D:6:      layout_gridville, kennysheep_generic_room_13
D:7:      layout_basic, corexii_mini_fake_secret_closet, uniq_maggie
D:8:      lemuel_insect_pit, layout_loops_corners,
          gammafunk_ghost_wrathful_warriors, enter_bailey_5,
          amcnicky_mini_pool_medium, uniq_pikel
D:9:      layout_roguey, elyvilon_altar_5, minmay_lair_entry_grove
D:10:     hellmonk_paralyzer, layout_cave_pods, zombieorc2_lemuel, uniq_nergalle
D:11:     layout_layer_cave, serial_shops, nicolae_shop_crystal,
          portal_ice_cave_rime
D:12:     layout_basic, serial_shops, nicolae_shop_statue_plus, uniq_frances
D:13:     layout_loops_ring, fungi_pond_lemuel, minivault_26
D:14:     layout_rooms, skrybe_vaults_entry_preservation,
          gammafunk_ghost_hydra_chop, uniq_josephine
D:15:     gammafunk_depths_entry_grave, layout_long_grid,
          chequers_serial_rivers_large_a
Temple:   regret_index_temple_sigil_plot
Lair:1:   layout_gridlike, st_stairs_12, minmay_shattered_shrine
Lair:2:   layout_cave_pods, serial_forest, infiniplex_forest_end_1,
          infiniplex_forest_clump_tiny, infiniplex_forest_straight_4,
          infiniplex_forest_lined_2, infiniplex_forest_clump_large,
          infiniplex_forest_lined_2, infiniplex_forest_clump_double,
          hangedman_lair_unloving_vines, beast_lair_carwin_4,
          infiniplex_staircase_pool
Lair:3:   layout_roguey, shoals_dummy_entry, guppyfry_snake_entry_island,
          serial_bayou_shore_a, infiniplex_staircase_pool_2
Lair:4:   nzn_winding_woodlands_large [nzn_winding_woodlands_5x5_closed_star,
          nzn_winding_woodlands_5x15_concentric,
          nzn_winding_woodlands_5x5_three, nzn_winding_woodlands_center_lodge,
          nzn_winding_woodlands_15x15_boxy_spiral,
          nzn_winding_woodlands_center_diamonds,
          nzn_winding_woodlands_5x5_default,
          nzn_winding_woodlands_5x15_sawtooth, nzn_winding_woodlands_5x5_cross],
          layout_long_grid, dpeg_slime_entry_enclosed, serial_forest,
          infiniplex_forest_lined_3_way, infiniplex_forest_clump_cross,
          infiniplex_forest_corner_2, infiniplex_forest_lined_3,
          infiniplex_forest_zigzag_1, infiniplex_forest_clump_tiny,
          infiniplex_forest_clump_large, infiniplex_forest_straight_2
Lair:5:   evil_forest, layout_cave_pods, serial_bayou_lake_a, lemuel_fruit_tree,
          serial_bayou_shore_b
Shoals:1: layout_shoals, uniq_donald, uniq_louise
Shoals:2: cheibrodos_shoals_roost, layout_shoals,
          gammafunk_ghost_berserking_beasts
Shoals:3: layout_shoals
Shoals:4: shoals_end_simple, layout_shoals, shoals_ilsuiw_alternative,
          serial_shops, nicolae_shop_crystal, nicolae_shop_self_help
Snake:1:  kennysheep_six_static_rooms, layout_misc_corridors, serial_shops,
          shop, nicolae_snake_omega, minmay_shop_grove, uniq_rupert, uniq_aizul,
          uniq_asterion
Snake:2:  layout_misc_corridors, gammafunk_ghost_split, serial_shops,
          nicolae_shop_crystal
Snake:3:  layout_cave_pods, uniq_vashnia
Snake:4:  johnstein_snake_rune_scales, layout_chambers, basic_altar,
          beargit_elvish_explorers, minmay_shoptagon
Orc:1:    lemuel_ogre_cave, layout_caves, basic_altar, serial_shops,
          nicolae_orc_lost_temple, uniq_erica, uniq_snorg
Orc:2:    st_orc_town, layout_caves, serial_shops, nicolae_lakefront_shop,
          mines2_lemuel, uniq_jorgrun
Vaults:1: hangedman_vaults_snaps, hangedman_vaults_slice,
          grunt_vaults_hallway_short, v_misc_11,
          vaults_mumra_minichess_inversion, nicolae_vaults_big_angled_halls,
          nicolae_vaults_little_squares_6, vaults_dpeg_encased_lava,
          nicolae_vaults_sealed_display, vaults_room_fours, v_alt_pattern_4,
          ontoclasm_vaults_claustrophobia, layout_vaults_omnicross
Vaults:2: hangedman_vaults_variations, minmay_crypt_entry_simple_box,
          vaults_standard_mumra_x, vaults_room_grid, v_misc_24, v_alt_pattern_6,
          v_pattern_3, grunt_vaults_bifocal, ontoclasm_vaults_hangar,
          special_room_vaults [special_room_orc], vaults_room_fours,
          ontoclasm_vaults_eye, serial_ice_h, vaults_dpeg_cross,
          grunt_vaults_hallway_short, layout_vaults_big_room, uniq_boris
Vaults:3: hangedman_vaults_slice, nicolae_vaults_branching_niches,
          nicolae_vaults_circle_grid_b, v_misc_2, vaults_room_grid, v_misc_9,
          ontoclasm_vaults_gateway, layout_vaults_omnigrid
Vaults:4: vaults_standard_mumra_lines, v_alt_pattern_6, nicolae_vaults_arrows,
          nicolae_vaults_yaktaur_gun_rack, hangedman_vaults_locks, v_rooms_6,
          nicolae_vaults_little_squares_6, nicolae_vaults_ring_of_whatevers,
          grunt_vaults_hallway_short, nicolae_vaults_shelves_hall,
          layout_vaults_omnibox
Vaults:5: uniq_sojobo
Depths:1: layout_basic, grunt_decor_clamped, hell_entry, serial_shops,
          nicolae_shop_waterfront, hangedman_glass_teeth, minivault_15,
          dispersion_dpeg
Depths:2: minmay_the_grid_square_5x5_4x4 [minmay_the_grid_square_5x5_forky,
          minmay_the_grid_square_5x5_bracketed,
          minmay_the_grid_square_5x5_three_small, minmay_the_grid_square_5x5_z,
          minmay_the_grid_square_5x5_gyroscope,
          minmay_the_grid_square_5x5_prize_open,
          minmay_the_grid_square_5x5_prize_junk,
          minmay_the_grid_square_5x5_inner_v,
          minmay_the_grid_square_5x5_almost_minimal,
          minmay_the_grid_square_5x5_prize_waves,
          minmay_the_grid_square_5x5_prize_deathbox,
          minmay_the_grid_square_5x5_tie, minmay_the_grid_square_5x5_meh,
          minmay_the_grid_square_5x5_checkered_sparse,
          minmay_the_grid_square_5x5_shrine1, minmay_the_grid_square_5x5_bite],
          layout_basic, serial_sigils, serial_sigils_hangedman_leer,
          serial_sigils_hangedman_etch, serial_sigils_hangedman_carve,
          serial_sigils_hangedman_shear, pan_entry, serial_shops, shop_scrolls,
          lightli_too_deep, uniq_nikola
Depths:3: cheibrodos_witchhunters_guild, layout_small_grid, abyss_entry,
          hangedman_coc_ice_floe, hex_large, minmay_microvault,
          minmay_staircase_windowed_small
Depths:4: grunt_zot_entry_alcove, layout_gridlike, enter_ziggurat_b,
          serial_shops, shop_fountains, kiku_gazebo_pond_becter, hell_entry,
          serial_rivers, chequers_serial_rivers_room_a,
          chequers_serial_rivers_micro_e, chequers_serial_rivers_micro_e,
          chequers_serial_rivers_small_b, serial_bayou_shore_b
Zot:1:    grunt_deathspiral_small, layout_onion, hangedman_hellfire_club
Zot:2:    lemuel_acid_trip, layout_cathedral_of_symmetry
Zot:3:    grunt_zot_stairs_mandelzot, layout_cathedral_of_symmetry,
          hangedman_feature_mirror
Zot:4:    kennysheep_room_grid, layout_gridlike

Skill      XL: |  1  2  3  4  5  6  7  8  9 10 11 12 13 14 15 16 17 18 19 20 21 22 23 24 25 |
---------------+----------------------------------------------------------------------------+-----
Axes           | 3 4 5 7 8 9 10 12 13 14 16 18 | 18.0
Armour         | 3 5 6 9 10 12 13 15 17 18 19 20 21 22 | 22.0
Fighting       | 3 4 6 7 8 9 11 12 13 14 15 16 17 18 19 20 | 20.7
Invocations    | 4 5 8 10 | 10.0
Shields        | 3 6 7 8 9 10 11 14 16 17 18 19 20 21 | 21.0
Dodging        | 3 5 6 8 9 10 11 12 15 16 17 19 20 | 20.0
Throwing       | 3 8 10 11 12 13 14 | 14.0
Spellcasting   | |  2.0
Translocations | |  2.4

Action                   |  1- 3 |  4- 6 |  7- 9 | 10-12 | 13-15 | 16-18 | 19-21 | 22-24 | 25-27 || total
-------------------------+-------+-------+-------+-------+-------+-------+-------+-------+-------++-------
Melee: Hand axe          |    35 |       |       |       |       |       |       |       |       ||    35
       Peck              |     8 |    15 |    38 |    80 |   271 |   324 |   466 |   517 |   161 ||  1880
       War axe           |    37 |    88 |   213 |   158 |       |       |       |       |       ||   496
       Kick              |    12 |    23 |    75 |   137 |   408 |   503 |   711 |   762 |   230 ||  2861
       Broad axe         |       |       |       |   199 |   924 |  1289 |  1456 |  1380 |   404 ||  5652
       Morningstar       |       |       |       |    12 |    89 |       |       |       |       ||   101
Throw: Boomerang         |     7 |       |       |    56 |       |    38 |       |       |       ||   101
       Javelin           |       |       |       |       |       |    14 |   103 |    97 |    37 ||   251
Invok: Heroism           |       |       |    13 |    24 |    49 |    59 |    46 |    52 |    11 ||   254
       Finesse           |       |       |       |     3 |    14 |    14 |    14 |    12 |     3 ||    60
  Use: Scroll            |     4 |     7 |     8 |     7 |    10 |     9 |     4 |     9 |     2 ||    60
       Potion            |     1 |     4 |     1 |     2 |     5 |     9 |     3 |    12 |     4 ||    41
 Stab: Distracted        |       |       |     1 |     3 |       |       |       |       |       ||     4
       Sleeping          |       |       |       |       |       |       |     1 |       |       ||     1
Armor: Leather armour    |    22 |    13 |       |       |       |       |       |       |       ||    35
       Chain mail        |       |    17 |    82 |    16 |       |       |       |       |       ||   115
       Plate armour      |       |       |       |    68 |   372 |    16 |       |       |       ||   456
       Gold dragon scale |       |       |       |       |       |   481 |   330 |   361 |   100 ||  1272
Dodge: Dodged            |    42 |    48 |    47 |    64 |   225 |   271 |   335 |   607 |   247 ||  1886
Block: Kite shield       |       |       |    30 |   158 |   517 |    60 |       |       |       ||   765
       Tower shield      |       |       |       |       |       |  1172 |  1180 |  1295 |   486 ||  4133

Table legend:
 A = Non-vault XP
 B = Vault XP
 C = Vault XP percentage of total XP
 D = Non-vault monster count
 E = Vault monster count
 F = Vault count percentage of total count
                 A         B        C        D         E       F
            +---------+---------+-------+---------+---------+-------
      Total |  515657 |  573166 |  52.6 |    1029 |     850 |  45.2
            +---------+---------+-------+---------+---------+-------
        D:1 |      39 |       0 |   0.0 |      22 |       0 |   0.0
        D:2 |      46 |       0 |   0.0 |      14 |       0 |   0.0
        D:3 |     230 |     262 |  53.3 |      19 |       1 |   5.0
        D:4 |      67 |     223 |  76.9 |       9 |       1 |  10.0
        D:5 |     497 |     189 |  27.6 |      15 |       3 |  16.7
        D:6 |     470 |     141 |  23.1 |       8 |       2 |  20.0
        D:7 |    1116 |     418 |  27.2 |      23 |       1 |   4.2
        D:8 |     854 |    2338 |  73.2 |      22 |      12 |  35.3
        D:9 |    2967 |    2257 |  43.2 |      45 |      13 |  22.4
       D:10 |    2629 |    3582 |  57.7 |      23 |      42 |  64.6
       D:11 |    3271 |     728 |  18.2 |      15 |       2 |  11.8
       D:12 |    4182 |    1546 |  27.0 |      10 |       1 |   9.1
       D:13 |    4713 |       0 |   0.0 |       8 |       0 |   0.0
       D:14 |    4432 |    7266 |  62.1 |      10 |      13 |  56.5
       D:15 |   13559 |    5018 |  27.0 |      30 |       8 |  21.1
     Lair:1 |    6502 |    2799 |  30.1 |      26 |       7 |  21.2
     Lair:2 |    9084 |    1049 |  10.4 |      41 |       6 |  12.8
     Lair:3 |    3804 |     333 |   8.0 |      11 |       2 |  15.4
     Lair:4 |    5470 |    8571 |  61.0 |      16 |      22 |  57.9
     Lair:5 |   12110 |    9050 |  42.8 |      49 |      25 |  33.8
   Shoals:1 |    4907 |    2569 |  34.4 |       9 |       2 |  18.2
   Shoals:2 |   12228 |    3681 |  23.1 |      22 |       6 |  21.4
   Shoals:3 |   28209 |     830 |   2.9 |      64 |       1 |   1.5
   Shoals:4 |   10052 |   29784 |  74.8 |      23 |      45 |  66.2
    Snake:1 |   15063 |   16088 |  51.6 |      27 |      23 |  46.0
    Snake:2 |   16265 |       0 |   0.0 |      32 |       0 |   0.0
    Snake:3 |   22771 |    6921 |  23.3 |      40 |       6 |  13.0
    Snake:4 |   16114 |   22720 |  58.5 |      30 |      39 |  56.5
      Orc:1 |    1683 |    1799 |  51.7 |      23 |       2 |   8.0
      Orc:2 |    1986 |    9530 |  82.8 |      28 |      64 |  69.6
   Vaults:1 |    5253 |   20695 |  79.8 |      13 |      27 |  67.5
   Vaults:2 |    9743 |   41803 |  81.1 |      12 |      71 |  85.5
   Vaults:3 |   17518 |   22951 |  56.7 |      23 |      35 |  60.3
   Vaults:4 |   15960 |   81786 |  83.7 |      22 |     105 |  82.7
   Vaults:5 |   10386 |   55448 |  84.2 |      12 |      47 |  79.7
   Depths:1 |   27948 |    3981 |  12.5 |      31 |       5 |  13.9
   Depths:2 |   31118 |   37081 |  54.4 |      36 |      33 |  47.8
   Depths:3 |   17521 |   26998 |  60.6 |      18 |      33 |  64.7
   Depths:4 |   14107 |   18087 |  56.2 |      12 |      16 |  57.1
      Zot:1 |   55607 |   42078 |  43.1 |      49 |      33 |  40.2
      Zot:2 |   41027 |   29621 |  41.9 |      34 |      56 |  62.2
      Zot:3 |   31991 |   39268 |  55.1 |      27 |      31 |  53.4
      Zot:4 |   32158 |   13677 |  29.8 |      26 |       9 |  25.7
            +---------+---------+-------+---------+---------+-------
